Cogmind - Beta 15 @@@ ROGUE MODE // 2025.08.15 @ 18:28:41 Player: Cog on my mind Result: Escaped! Performance ------------- Evolutions (9) 4500 Regions Visited (31) 6200 Robots Destroyed (317) 1585 Value Destroyed (13483) 13483 Prototype IDs (148) 2960 Alien Tech Used (6) 1200 Bonus (26410) 26410 TOTAL SCORE: 56338 Bonus ------- High Alert Combat Kills 763 Follower Combat Kills 3461 Network Hubs Disabled 400 Registered with UFD 300 Met Optimus in HQ 500 Met Imprinter 300 Met Zhirov 300 Built Enhanced Grunts 300 A7 Reached Mainframe 300 Met R17 at Cetus 500 Scanned by Researcher 500 Destroyed Superfortress 15000 Met Optimus at Protoforge 1000 Win 3000 Friendly Fire -214 Cogmind --------- Core Integrity 1190/1600 Matter 238/300 Energy 520/1400 System Corruption 6% Temperature Cool (4) Movement Hovering (56) Location To Epsilon Eridani Parts ------- > --- POWER (2) -------- Hybrid Graviton Reactor > --- PROPULSION (8) --- Antigrav Array Combat Linear Gravjet > --- UTILITY (13) ----- Triangulator Advanced Signal Interpreter Advanced Melee Analysis Suite Improved Armor Integrity Analyzer Advanced ECM Suite Graphene Brace Advanced Hacking Suite System Shield > --- WEAPON (2) ------- Nanosword > --- INVENTORY (5) ---- Experimental Coolant Injector Improved Matter Neutralizer Peak State ------------ > --- POWER ------------ Hybrid Graviton Reactor Concept Zero-point Core > --- PROPULSION ------- Cooled Gravmag System Combat Linear Gravjet Combat Linear Gravjet Combat Linear Gravjet Combat Linear Gravjet Combat Linear Gravjet Combat Linear Gravjet > --- UTILITY ---------- Large Storage Unit Experimental Sensor Array Advanced Signal Interpreter Experimental Melee Analysis Suite Weapon Mount Nanoactuators Medium Insulated Plating Experimental Force Field A0-MCA's Component Scanner Experimental System Purifier > --- WEAPON ----------- Point Singularity Launcher Nanosword > --- INVENTORY -------- Improved Quantum Reactor Experimental Coolant Injector Experimental Coolant Injector Concept Chromion Battery Concept NT7 Matterbank Plexus Tether Experimental Core Analyzer Nanoactuators Advanced Force Booster Experimental Reaction Control System Amulet of Y3-NDR Transdimensional Reconstructor Improved Matter Neutralizer Concept XC Strikerail Vibroblade [Rating: 185] Favorites ----------- Power F-cell Engine Engine F-cell Engine Power Core Light Fission Core Reactor Hybrid Graviton Reactor Propulsion Combat Linear Gravjet Treads Light Treads Leg Arachnoskeleton Wheel Wheel Hover Unit Combat Linear Gravjet Flight Unit Xenon Bombardment Thruster Utility Advanced Signal Interpreter Device Experimental Sensor Array Storage Large Storage Unit Processor Advanced Signal Interpreter Hackware Advanced Hacking Suite Protection Gun Armor Artifact Phase Redirector Weapon Makeshift Sword Energy Gun Subdweller Laser Energy Cannon Cooled Particle Cannon Ballistic Gun Subdweller Machine Gun Ballistic Cannon Magnetic Acceleration Cannon Launcher Point Singularity Launcher Special Weapon Improved Remote Datajack Slashing Weapon Makeshift Sword Piercing Weapon Lance Special Melee Weapon Advanced Datajack Build | -11 -10 -10 -9 -9 -6 -6 -6 -6 -6 -6 -5 -5 -5 -5 -5 -5 -5 -4 -4 -4 -4 -4 -4 -4 -4 -3 -3 -3 -2 -2 -1 ------- Run | Yrd Mat Sub Rec Scr Fac Was Fac Low Low Zio Pro Fac Was Fac Upp Upp Zhi Pro Fac Was Fac Ext Cet Arc Hub Res Qua Frg Res Tes Acc Slots Evolved 18 | . . . . . 8 . . . . . . 2 . . . . . . 2 . . . . . . 2 . . 2 . 2 Power 1 | . . . . . . . . . . . . 1 . . . . . . . . . . . . . . . . . . . Propulsion 6 | . . . . . 3 . . . . . . 1 . . . . . . 1 . . . . . . . . . 1 . . Utility 11 | . . . . . 5 . . . . . . . . . . . . . 1 . . . . . . 2 . . 1 . 2 Weapon . | . . . . . . . . . . . . . . . . . . . . . . . . . . . . . . . . Parts Attached 273 | 8 5 11 2 6 46 . 8 2 10 2 . 6 2 7 1 6 4 2 8 5 28 . 5 4 3 13 2 32 13 8 24 Power 25 | 1 1 2 . 2 5 . . . 1 . . 1 . . . . . . . . 1 . 1 . . 1 . 6 . 1 2 Engine 7 | 1 1 2 . . 2 . . . . . . 1 . . . . . . . . . . . . . . . . . . . Core 5 | . . . . 2 2 . . . . . . . . . . . . . . . . . . . . . . 1 . . . Reactor 13 | . . . . . 1 . . . 1 . . . . . . . . . . . 1 . 1 . . 1 . 5 . 1 2 Propulsion 68 | 2 . 2 . 2 14 . 1 . 3 . . 2 . 1 . 2 3 1 2 . 10 . 1 . . 2 . 7 7 2 4 Treads 5 | 2 . 2 . . . . . . . . . . . . . . . . . . . . 1 . . . . . . . . Leg 2 | . . . . . 2 . . . . . . . . . . . . . . . . . . . . . . . . . . Wheel 2 | . . . . 2 . . . . . . . . . . . . . . . . . . . . . . . . . . . Hover 52 | . . . . . 12 . 1 . 3 . . 2 . 1 . 2 3 1 2 . 10 . . . . 2 . 1 7 2 3 Flight 7 | . . . . . . . . . . . . . . . . . . . . . . . . . . . . 6 . . 1 Utility 133 | 2 1 2 2 . 20 . 6 1 6 1 . 1 1 4 1 3 1 . 4 3 16 . 2 1 3 8 1 19 6 3 15 Device 59 | 1 . 1 . . 8 . 1 . 3 1 . 1 . 4 1 3 1 . 1 1 9 . . . 1 5 . 6 3 2 6 Storage 11 | 1 1 . 2 . . . 1 . . . . . . . . . . . 1 1 1 . . . . . . 2 . . 1 Processor 20 | . . . . . 5 . 1 . 2 . . . 1 . . . . . 1 1 . . . . . 1 . 6 1 1 . Hackware 16 | . . . . . 2 . 2 . 1 . . . . . . . . . 1 . 4 . . . 2 2 . . 1 . 1 Protection 26 | . . 1 . . 5 . 1 1 . . . . . . . . . . . . 2 . 2 1 . . . 5 1 . 7 Artifact 1 | . . . . . . . . . . . . . . . . . . . . . . . . . . . 1 . . . . Weapon 47 | 3 3 5 . 2 7 . 1 1 . 1 . 2 1 2 . 1 . 1 2 2 1 . 1 3 . 2 1 . . 2 3 Energy Gun 5 | 2 . 2 . . . . . . . . . . . . . . . . . . . . . . . . . . . 1 . Energy Cannon 5 | . . . . . 1 . 1 . . . . . . 1 . . . . . 1 . . . . . . 1 . . . . Ballistic Gun 7 | 1 2 2 . . . . . . . . . . . . . . . . . . . . 1 . . . . . . 1 . Ballistic Cannon 4 | . . 1 . 1 2 . . . . . . . . . . . . . . . . . . . . . . . . . . Launcher 9 | . 1 . . . 3 . . . . . . . 1 . . . . . . 1 . . . . . . . . . . 3 Special Weapon 1 | . . . . . . . . . . . . . . . . . . . 1 . . . . . . . . . . . . Impact Weapon . | . . . . . . . . . . . . . . . . . . . . . . . . . . . . . . . . Slashing Weapon 10 | . . . . 1 1 . . 1 . 1 . 1 . . . . . 1 . . . . . 2 . 2 . . . . . Piercing Weapon 4 | . . . . . . . . . . . . . . 1 . 1 . . 1 . 1 . . . . . . . . . . Special Melee Weapon 2 | . . . . . . . . . . . . 1 . . . . . . . . . . . 1 . . . . . . . Unidentified Prototypes 34 | . . 1 . . 6 . . 1 2 . . . 2 1 . . 3 . . 3 3 . 3 . . 2 3 2 . 2 . Parts Lost 67 | . 1 . . . 4 . . . . . . . . . . . . . 1 . 6 . . . 2 1 . 16 8 11 17 Power 7 | . . . . . . . . . . . . . . . . . . . . . . . . . . 1 . 2 1 1 2 Propulsion 22 | . . . . . 4 . . . . . . . . . . . . . . . 2 . . . 1 . . 5 1 4 5 Utility 33 | . . . . . . . . . . . . . . . . . . . 1 . 2 . . . 1 . . 8 6 6 9 Weapon 5 | . 1 . . . . . . . . . . . . . . . . . . . 2 . . . . . . 1 . . 1 Highest Loss Streak 17 | . 1 . . . 2 . . . . . . . . . . . . . 1 . 3 . . . 2 1 . 6 5 6 17 To Critical Strikes 2 | . . . . . . . . . . . . . . . . . . . . . . . . . . . . 2 . . . Average Backups 12 | 1 8 9 11 15 15 15 14 14 14 14 13 13 14 13 14 14 14 14 14 15 14 15 15 15 14 13 14 11 4 4 4 Power . | . . . . . . 2 2 2 2 2 1 . . . . . . . . . . . . . . . . . . . . Propulsion . | . . . . 2 2 . . 1 1 1 1 1 1 1 1 1 1 1 . 1 . . . . . . 1 . . . . Utility 8 | . 4 5 6 10 9 11 11 9 9 8 8 9 10 9 10 10 9 9 9 11 10 12 12 12 11 10 9 7 3 2 2 Weapon 2 | 1 2 3 4 2 1 2 1 1 2 2 3 3 3 3 3 3 3 3 2 2 2 2 2 2 2 2 2 2 1 1 1 Tool/Special . | . . . . . . . . . . . . . . . . . . . . . . . . . . . . . . . . Unused Backups 57 | . 6 8 1 7 7 . 3 3 . . . 2 . 1 . . 1 . 1 . . 1 . . . 4 2 6 2 1 1 Power 3 | . 1 . . . . . . . . . . . . . . . . . . . . . . . . . . 2 . . . Propulsion 6 | . . . . 1 . . . . . . . 2 . 1 . . . . . . . . . . . 1 . . . 1 . Utility 34 | . 4 4 1 3 5 . 3 3 . . . . . . . . 1 . 1 . . 1 . . . 3 1 2 1 . 1 Weapon 11 | . 1 4 . 3 1 . . . . . . . . . . . . . . . . . . . . . . 1 1 . . Tool/Special 3 | . . . . . 1 . . . . . . . . . . . . . . . . . . . . . 1 1 . . . Average Slot Usage (%) 92 | . 99 99 97 81 74 88 87 88 93 96 100 99 100 99 100 100 100 100 99 100 99 100 99 100 99 98 99 81 76 76 80 Engine 6 | . 14 14 14 4 . . . . . . 4 10 10 10 10 10 10 10 9 9 9 10 5 5 5 3 4 . . . . Core 1 | . . . . 9 5 5 5 5 2 . . . . . . . . . . . . . . . . . . 2 4 . . Reactor 1 | . . . . . . . . . 2 5 . . . . . . . . . . . . 4 5 5 4 4 3 4 6 7 Treads 6 | . 28 28 28 10 . . . . . . . . . . . . . . . . . . . . . . . . . . . Wheel 2 | . . . . 17 5 . . . . . . . . . . . . . . . . . . . . . . . . . . Hover 20 | . . . . . 12 29 29 29 29 29 29 30 31 31 31 31 31 31 33 33 33 36 35 36 35 32 33 20 26 27 19 Device 13 | . 14 12 14 1 11 11 8 4 8 11 11 10 10 14 15 15 15 15 13 14 18 21 20 21 16 22 23 15 5 12 12 Storage 7 | . 14 14 14 13 5 5 5 5 5 5 5 5 5 5 5 5 5 5 4 4 4 5 5 5 5 4 4 4 1 1 . Processor 6 | . . . . . 7 11 11 11 11 11 11 10 10 10 10 10 10 10 9 9 4 5 5 5 5 8 9 12 17 15 12 Hackware 2 | . . . . . 3 5 5 5 5 5 5 5 5 . . . . . 3 4 5 5 5 5 11 4 4 1 . 4 7 Protection 4 | . . 1 . . 6 5 7 11 7 5 5 5 5 5 5 5 5 5 4 4 4 5 5 5 1 3 1 3 8 2 14 Energy Gun 2 | . 20 8 13 3 . . . . . . . . . . . . . . . . . . . . . . . . . . . Ballistic Gun 2 | . 7 16 13 3 . . . . . . . . . . . . . . . . . . . . . . . . . . . Ballistic Cannon 1 | . . 2 . 8 4 5 3 . . . . . . . . . . . . . . . . . . . . . . . . Slashing Weapon 7 | . . . . 9 4 5 5 5 11 13 17 15 15 19 14 15 15 15 11 11 7 4 4 4 5 8 8 5 4 4 4 Piercing Weapon 1 | . . . . . . . . . . . . . . . 5 5 5 4 3 4 4 5 5 5 5 . . . . . . Peak Build Rating 185 | 7 8 15 16 26 86 83 87 89 99 103 103 113 115 111 115 115 119 121 136 140 148 142 144 144 142 168 179 185 185 177 170 Average Rating 90 | 5 7 12 15 19 71 83 84 85 92 100 98 109 108 108 112 111 115 119 130 135 135 134 140 138 137 156 168 151 171 149 142 On Entrance 98 | . 7 8 15 12 22 83 83 85 89 99 103 98 113 109 111 112 112 119 120 129 132 136 132 141 138 121 168 171 160 141 87 Naked Turns 39 | . . . . . . . . . . . . . . . . . . . . . . . . . . . . 39 . . . Heaviest Build 98 | 13 19 26 46 62 86 45 45 45 50 52 52 64 64 64 64 61 61 67 68 74 76 87 84 86 86 84 98 90 52 44 57 Greatest Support 107 | 40 40 40 40 40 50 47 47 45 52 52 52 64 64 64 64 64 66 67 92 77 104 104 104 104 104 92 102 102 107 106 106 Greatest Overweight (x) 28 | . . . 1 6 4 . . . 1 . . . . 1 . . . 1 . . . . 1 28 . 1 1 2 1 . . Average Overweight (x) . | . . . . 3 . . . . . . . . . . . . . . . . . . . 9 . . . . . . . Largest Inventory Capacity 25 | 8 10 10 20 20 20 15 15 15 15 15 15 15 15 15 15 15 15 15 15 15 15 15 15 15 15 15 15 15 5 5 25 Average Capacity 14 | 6 9 10 12 19 17 15 15 15 15 15 15 15 15 15 15 15 15 15 15 15 15 15 15 15 15 15 15 11 5 5 5 Most Carried 20 | 3 10 10 17 20 20 15 15 15 15 15 15 15 15 15 15 15 15 15 15 15 15 15 15 15 15 15 15 15 5 5 5 Average Carried 13 | 1 8 9 12 17 16 15 14 14 15 14 14 14 14 14 15 15 14 14 14 14 14 15 14 14 14 14 14 11 4 4 4 Final Capacity 20 | 8 10 10 20 20 15 15 15 15 15 15 15 15 15 15 15 15 15 15 15 15 15 15 15 15 15 15 15 5 5 5 5 Final Carried 20 | 3 10 10 17 20 15 15 15 15 15 15 15 15 15 15 15 15 15 15 15 14 15 15 15 15 14 15 15 4 4 4 2 Class Distribution -------------------- 29% | Mutant 13% | Machinist-Gladiator 9% | Commander-Mutant 7% | Scavenger-Scout 7% | Trapper-Scout 5% | Machinist-Scout 4% | Derelict-Scout 4% | Scavenger-Gladiator 3% | Scout Dominant Class ---------------- Mutant | -10/Materials Mutant | -10/Subcaves Mutant | -9/Recycling Commander-Mutant | -9/Scraptown Mutant | -6/Factory Mutant | -6/Waste Mutant | -6/Factory Mutant | -6/Lower Caves Gladiator | -6/Lower Caves Scavenger-Gladiator | -6/Zion Scavenger-Scout | -5/Proximity Caves Scavenger-Scout | -5/Factory Scavenger-Scout | -5/Waste Derelict-Scout | -5/Factory Derelict-Scout | -5/Upper Caves Trapper-Scout | -5/Upper Caves Trapper-Scout | -5/Zhirov Trapper-Scout | -4/Proximity Caves Trapper-Scout | -4/Factory Derelict-Sprinter | -4/Waste Hacker-Scout | -4/Factory Machinist-Gladiator | -4/Extension Machinist-Gladiator | -4/Cetus Machinist-Gladiator | -4/Archives Hacker-Scout | -4/Hub_04(d) Machinist-Gladiator | -3/Research Machinist-Scout | -3/Quarantine Machinist-Gladiator | -3/Protoforge Scavenger-Scout | -2/Research Scavenger-Mutant | -2/Testing Hacker-Mutant | -1/Access Resources | -11 -10 -10 -9 -9 -6 -6 -6 -6 -6 -6 -5 -5 -5 -5 -5 -5 -5 -4 -4 -4 -4 -4 -4 -4 -4 -3 -3 -3 -2 -2 -1 ----------- Run | Yrd Mat Sub Rec Scr Fac Was Fac Low Low Zio Pro Fac Was Fac Upp Upp Zhi Pro Fac Was Fac Ext Cet Arc Hub Res Qua Frg Res Tes Acc Matter Collected 10828 | 236 148 598 183 615 1079 . 311 245 383 20 20 80 55 176 60 180 . 161 371 445 1257 270 110 40 70 460 176 2653 125 88 213 Remotely . | . . . . . . . . . . . . . . . . . . . . . . . . . . . . . . . . Salvage Created 13408 | 15 548 246 95 . 1488 . 957 142 301 . 27 225 . 993 86 120 . . 1035 346 2118 616 233 139 115 940 765 596 324 50 888 Parts 615 | 2 39 20 4 . 58 . 53 9 9 . . 11 . 27 8 13 . . 41 . 105 25 11 9 6 27 46 25 16 7 44 Haulers Intercepted 31 | . 2 . . . 7 . 3 . 1 . . . . 5 . . . . 3 . 5 . . . . 3 1 1 . . . Recyclers Shooed 5 | 1 . . 1 . 1 . . . . . . . . 1 . . . . . . . . . . . . . . . . 1 Parts Field Recycled . | . . . . . . . . . . . . . . . . . . . . . . . . . . . . . . . . Retrieved Matter . | . . . . . . . . . . . . . . . . . . . . . . . . . . . . . . . . Parts Self-Destructed 100 | . . 18 . . . . . 4 20 . 6 . . . 11 23 . 18 . . . . . . . . . . . . . Prevented 47 | . . . . . . . . . 10 . 2 . . . 6 21 . 8 . . . . . . . . . . . . . Kills | -11 -10 -10 -9 -9 -6 -6 -6 -6 -6 -6 -5 -5 -5 -5 -5 -5 -5 -4 -4 -4 -4 -4 -4 -4 -4 -3 -3 -3 -2 -2 -1 ------- Run | Yrd Mat Sub Rec Scr Fac Was Fac Low Low Zio Pro Fac Was Fac Upp Upp Zhi Pro Fac Was Fac Ext Cet Arc Hub Res Qua Frg Res Tes Acc Combat Hostiles Destroyed 184 | . 11 7 1 . 21 . 9 5 5 . . 1 . 1 1 2 . . 5 4 16 14 2 1 1 9 7 47 3 . 11 Melee 81 | . . . . . 3 . 3 1 2 . . . . 1 1 2 . . 4 . 15 10 2 1 1 5 7 18 3 . 2 Guns 14 | . 5 5 1 . . . . . . . . . . . . . . . . . . . . . . . . . . . 3 Cannons 9 | . . 2 . . 5 . . 1 . . . . . . . . . . . . . . . . . . . . . . 1 AOE 80 | . 6 . . . 13 . 6 3 3 . . 1 . . . . . . 1 4 1 4 . . . 4 . 29 . . 5 Classes Destroyed 29 | 1 7 1 1 . 4 . . 1 . . 1 . . . . . . . . 1 2 1 . . . . . 8 . . 1 Worker 25 | . 2 . . . 5 . 5 . . . . 1 . 1 . . . . 6 . 2 . . . . . . . 2 . 1 Builder 11 | . . . . . 2 . 1 . . . . . . . . . . . 2 . 1 . . . . 1 1 . . 1 2 Tunneler 3 | 1 . . . . . . 1 . . . . . . . . . . . . . 1 . . . . . . . . . . Hauler 31 | . 2 . . . 7 . 3 . 1 . . . . 5 . . . . 3 . 5 . . . . 3 1 1 . . . Recycler 15 | . 1 . 1 . 1 . 2 . . . . 1 . 3 . . . . 2 . 2 . . . . 1 . . . . 1 Carrier 1 | . . . . . . . . . . . . . . . . . . . . . . . . . . . . 1 . . . Minesweeper 2 | . . . . . . . . . . . 1 . . . 1 . . . . . . . . . . . . . . . . Mechanic 5 | . . . . . . . . . . . . . . . . . . . . . 1 . . . . . . 4 . . . Operator 8 | . 3 . . . . . . . . . . . . . . . . . 1 . . 1 . 1 . . 2 . . . . Drone 17 | . . . . . . . . . . . . . . . . . . . . . . . . . . . . 14 . . 3 Watcher 34 | . 2 . . . 3 . 5 . . . . 1 . 2 . . . . 2 . 6 1 2 . 1 4 2 . . 1 2 Swarmer 34 | . 6 . . . 4 . 6 4 . . . . . . . . . . . . 1 4 . . . 5 . 4 . . . Cutter 4 | . . . . . 1 . . . . . . . . . . . . . . . . . . . . . . . . . 3 Grunt 41 | . 5 1 . . 9 . . . 5 . . . . 1 . . . . . . 4 6 . . 1 3 2 4 . . . Brawler 1 | . . . . . . . . . . . . . . . . . . . . . . . . . . . . 1 . . . Duelist 3 | . . . . . 1 . . . . . . . . . . . . . . . . . . . . . . 2 . . . Protector 2 | . . . . . . . . . . . . . . . . . . . . . . . . . . . . 2 . . . Researcher 1 | . . . . . . . . . . . . . . . . . . . . . . . . . . . . 1 . . . Sentry 12 | . . . . . 4 . 1 . . . . . . . . . . . . . 1 2 . 1 . 1 . . 2 . . Specialist 1 | . . . . . . . . . . . . . . . . . . . . . . . . . . . . . . . 1 Hunter 7 | . . . . . . . . . . . . . . . . . . . . . 1 . . . . . . 3 1 . 2 Programmer 35 | . . . 1 . 2 . 2 . . . . 1 . . 1 2 . . 5 . 9 . . . . . 5 5 . . 2 Behemoth 2 | . . . . . . . . . . . . . . . . . . . . . . 2 . . . . . . . . . Compactor 4 | . . . . . . . . . . . . . . . . . . . . 4 . . . . . . . . . . . Cetus Guard 2 | . . . . . . . . . . . . . . . . . . . . . . . 2 . . . . . . . . Hotshot 3 | . . . . . . . . . . . . . . . . . . . . . . . . . . . . 3 . . . Decapitator 5 | . . . . . . . . . . . . . . . . . . . . . . . . . . . . 5 . . . Striker 2 | . . . . . . . . . . . . . . . . . . . . . . . . . . . . 2 . . . Executioner 1 | . . . . . . . . . . . . . . . . . . . . . . . . . . . . 1 . . . Subdweller 6 | . . 6 . . . . . . . . . . . . . . . . . . . . . . . . . . . . . Scrapoid 1 | . . . . . . . . . . . . . . . . . . . . . . . . . . . . 1 . . . Thug 1 | . . . . . . . . . . . . . . . . . . . . 1 . . . . . . . . . . . Mutant 1 | . . . . . . . . 1 . . . . . . . . . . . . . . . . . . . . . . . Best Kill Streak 19 | 1 6 2 1 . 13 . 7 3 2 . 1 2 . 4 1 2 . . 4 4 4 7 3 1 2 7 3 19 2 1 6 Combat Bots Only 18 | . 5 2 1 . 8 . 6 3 2 . . 1 . 1 1 2 . . 2 4 3 6 2 1 1 5 2 18 2 . 6 Max Kills in Single Turn 4 | 1 3 1 1 . 3 . 2 3 1 . 1 2 . 1 1 1 . . 3 2 1 2 1 1 1 3 1 4 1 1 3 Gunslinging . | . . . . . . . . . . . . . . . . . . . . . . . . . . . . . . . . Exploded 3 | . 2 . . . 3 . 2 3 1 . . 1 . . . . . . 1 1 1 2 . . . 3 . 3 . . 3 Melee 1 | . . . . . 1 . 1 1 1 . . . . 1 1 1 . . 1 . 1 1 1 1 1 1 1 1 1 . 1 Uniques/NPCs Destroyed . | . . . . . . . . . . . . . . . . . . . . . . . . . . . . . . . . Combat | -11 -10 -10 -9 -9 -6 -6 -6 -6 -6 -6 -5 -5 -5 -5 -5 -5 -5 -4 -4 -4 -4 -4 -4 -4 -4 -3 -3 -3 -2 -2 -1 -------- Run | Yrd Mat Sub Rec Scr Fac Was Fac Low Low Zio Pro Fac Was Fac Upp Upp Zhi Pro Fac Was Fac Ext Cet Arc Hub Res Qua Frg Res Tes Acc Hostile Shots Fired 1401 | . 23 35 11 . 149 . 75 9 6 . . 3 . 11 . 3 . 6 82 . 59 47 19 6 52 23 29 236 196 144 177 Missed 606 | . 8 15 4 . 58 . 42 3 4 . . 2 . 8 . 2 . 3 50 . 20 12 7 3 19 7 10 98 108 55 68 Hits 795 | . 15 20 7 . 91 . 33 6 2 . . 1 . 3 . 1 . 3 32 . 39 35 12 3 33 16 19 138 88 89 109 Melee 33 | . . . . . . . . . . . . . . . . . . . . . 1 . . . 10 . . 13 4 . 5 Projectile 762 | . 15 20 7 . 91 . 33 6 2 . . 1 . 3 . 1 . 3 32 . 38 35 12 3 23 16 19 125 84 89 104 AOE 8 | . . . . . 1 . . . . . . . . . . 1 . . . . . . . . 2 . . 3 . . 1 Critical Strikes 51 | . . . . . 5 . 2 . 1 . . . . . . . . . . . 2 2 2 1 4 . 2 17 3 3 7 Actively Blocked 8 | . . . . . . . 1 . . . . . . . . . . . . . . . . . . . . . . . 7 Part Disruptions 3 | . . . . . . . . . . . . . . . . . . . . . . . . . . . 1 . 1 1 . Damage Taken 16262 | . 184 403 98 . 1250 . 335 72 38 . . 17 . 125 . 103 . 73 423 22 899 388 217 36 626 197 249 3659 2572 1531 2745 Core 3181 | . 19 42 14 . 152 . 74 23 . . . . . 44 . 46 . 1 104 11 94 58 32 . 79 . 78 1064 426 410 410 Absorbed by Shields 2335 | . . . . . . . . . . . . . . . . . . . . . 59 411 222 37 131 208 259 533 123 352 . Redirected to Core 135 | . . . . . . . . . . . . . . . . . . . . . . . . . . . 32 103 . . . Redirected to Shielding 597 | . . . . . 32 . 68 22 17 . . . . . . . . . . . . . . . . . . . 11 . 447 Ignored by Resistances 25 | . . . . . . . . . . . . . . . . . . . . . . . . . . . . 25 . . . Regen/Repaired (Parts) 1151 | . . . . . . . . . . . . . . . . . . . 149 33 195 . . . . 318 37 . . 184 235 Core Remaining (%) 64 | 100 . . . 70 . . . . . . 70 . . . . . . 90 . . . . . . 67 . . 2 . 42 74 Volleys Fired 385 | 3 47 60 12 . 62 . 29 22 31 . 2 13 4 . 2 . . 4 6 10 15 3 . . . 4 10 26 . . 20 Largest 2 | 2 2 2 2 . 1 . 1 1 1 . 1 1 1 . 1 . . 1 1 1 1 1 . . . 1 1 1 . . 1 Hottest 113 | 80 80 93 90 . 44 . 90 90 43 . 30 30 30 . 30 . . 46 30 55 113 113 . . . 113 113 55 . . 113 Shots Fired 470 | 6 88 87 24 . 65 . 28 22 32 . 2 13 4 . 2 . . 4 6 10 15 3 . . . 4 9 26 . . 20 Gun 179 | 6 82 57 24 . . . . . . . . . . . . . . . . . . . . . . . . . . . 10 Cannon 213 | . . 30 . . 51 . 24 20 27 . 2 13 4 . 2 . . 3 3 . 15 1 . . . 2 9 . . . 7 Launcher 75 | . 6 . . . 14 . 4 2 5 . . . . . . . . 1 . 10 . 2 . . . 2 . 26 . . 3 Special 3 | . . . . . . . . . . . . . . . . . . . 3 . . . . . . . . . . . . Kinetic 149 | . . 64 12 . 51 . 12 . . . . . . . . . . . . . . . . . . . . . . . 10 Thermal 155 | . . 23 12 . . . 12 20 27 . 2 13 4 . 2 . . 3 3 . 15 1 . . . 2 9 . . . 7 Explosive 75 | . 6 . . . 14 . 4 2 5 . . . . . . . . 1 . 10 . 2 . . . 2 . 26 . . 3 Electromagnetic 88 | 6 82 . . . . . . . . . . . . . . . . . . . . . . . . . . . . . . Robot Hit Streak 14 | 3 10 14 4 . 10 . 3 6 8 . . . . . . . . . 1 6 . 1 . . . . . 4 . . 9 Robot Miss Streak 4 | 1 4 2 4 . 2 . 3 . . . . . 2 . . . . . 1 1 . 1 . . . . . 1 . . 3 Penetration Max 1 | . . . . . . . . . . . . . . . . . . . . . . . . . . . . . . . 1 Secondary Targets 1 | . 1 . . . . . . . . . . . . . . . . . . . . . . . . . . . . . . Max Gunslinging Chain 1 | . 1 . . . . . . . . . . . . . . . . . . . . . . . . . . . . . . Shots Hit Robots 639 | 5 44 40 13 . 54 . 49 7 12 . 3 7 . 27 7 12 . . 31 9 87 44 17 6 4 34 37 52 12 2 24 Core Hits 420 | 2 30 12 3 . 60 . 27 6 15 . 1 3 . 12 3 3 . . 19 6 39 21 8 1 3 20 15 77 9 3 22 Critical Kills 4 | . . . . . . . . . . . . . . . . . . . . . . . . . . . . . . . 4 Critical Parts Destroyed 9 | . . . . . . . . . . . . . . . . . . . . . . . . . . . . . . . 9 Critical Strikes 54 | . . . . . 5 . 1 . . . . . . 3 . . . . 3 . 7 4 1 . . 9 4 2 2 . 13 Destroy 13 | . . . . . . . . . . . . . . . . . . . . . . . . . . . . . . . 13 Blast 1 | . . . . . 1 . . . . . . . . . . . . . . . . . . . . . . . . . . Sever 26 | . . . . . 4 . 1 . . . . . . 3 . . . . 1 . 2 1 . . . 6 4 2 2 . . Impale 14 | . . . . . . . . . . . . . . . . . . . 2 . 5 3 1 . . 3 . . . . . Melee Attacks 959 | . . . . . 75 . 82 7 15 . 3 38 . 55 17 21 . 11 82 2 207 57 19 6 9 61 69 62 22 16 23 Impact . | . . . . . . . . . . . . . . . . . . . . . . . . . . . . . . . . Slashing 643 | . . . . . 75 . 82 7 15 . 3 37 . 53 5 9 . 5 29 1 62 8 3 . 1 56 69 62 22 16 23 Piercing 311 | . . . . . . . . . . . . . . 2 12 12 . 6 53 1 145 49 16 2 8 5 . . . . . Sneak Attacks 126 | . . . . . 11 . 15 . 2 . 2 4 . 12 1 . . . 11 . 22 3 . 6 . 7 3 19 1 1 6 Combat Hostiles 11 | . . . . . . . . . . . . . . . . . . . . . 7 2 . 1 . 1 . . . . . Follow-up Attacks 86 | . . . . . . . . . 2 . 1 3 . 10 1 7 . . 9 . 26 6 3 . 1 6 8 3 . . . Damage Inflicted 51424 | 62 1099 799 272 . 5171 . 2880 599 960 . 191 518 . 1509 354 475 . 97 2493 4120 5045 2585 649 227 162 2883 2297 13097 906 229 1745 Guns 1558 | 62 683 466 272 . . . . . . . . . . . . . . . . . . . . . . . . . . . 75 Cannons 1448 | . . 333 . . 530 . 146 322 54 . . . . . . . . . . . . . . . . . . . . . 63 Explosions 21537 | . 411 . . . 2969 . 349 244 444 . . 164 . . . . . 97 751 4120 671 644 . . . 773 . 9567 . . 333 Melee 26710 | . . . . . 1672 . 2385 33 462 . 191 354 . 1509 354 475 . . 1742 . 4374 1941 649 227 162 2110 2297 3530 759 210 1274 Ramming 171 | . 5 . . . . . . . . . . . . . . . . . . . . . . . . . . . 147 19 . Kinetic 1373 | . . 496 126 . 530 . 146 . . . . . . . . . . . . . . . . . . . . . . . 75 Thermal 2888 | . 66 303 146 . 900 . . 322 54 . . . . . . . . . 385 . 671 . . . . . . . . . 41 Explosive 19515 | . 345 . . . 2069 . 349 244 444 . . 164 . . . . . 97 366 4120 . 644 . . . 773 . 9567 . . 333 Electromagnetic 745 | 62 683 . . . . . . . . . . . . . . . . . . . . . . . . . . . . . . Impact 22 | . . . . . . . . . . . . . . . . . . . . . . . . . . . . . . . 22 Slashing 18265 | . . . . . 1672 . 2385 33 462 . 191 354 . 1509 38 227 . . 378 . 734 239 109 . 45 1819 2297 3530 759 210 1274 Piercing 8445 | . . . . . . . . . . . . . . . 316 248 . . 1364 . 3640 1702 540 227 117 291 . . . . . Highest Corruption 15 | . 2 2 2 . 3 10 14 15 15 5 . . 6 6 1 2 2 2 1 1 7 . . . . . 8 14 12 15 6 Average Corruption 4 | . 2 2 2 . 2 7 13 14 7 5 . . 6 1 1 1 2 2 1 1 1 . . . . . 6 6 8 12 4 Corruption Purged 37 | . . . . . . . . . 10 . . . . 6 . . . . . . 7 . . . . . . 14 . . . Corruption Blocked 14 | . . . . . . . . . . . . . . . . . . . . 14 . . . . . . . . . . . Effects 293 | . 1 33 15 . 19 3 43 17 47 1 . . 3 5 1 8 1 6 3 4 16 . . . . . 12 27 14 10 4 Message Errors 65 | . . 7 3 . 1 1 11 4 12 1 . . . 2 . 3 . 1 . 1 2 . . . . . 3 7 3 1 2 Matter Fused 58 | . . 7 4 . 5 1 7 3 13 . . . 1 1 . . . 1 1 . 4 . . . . . 4 4 1 1 . Heat Flow Errors 36 | . . 5 . . 3 . 2 1 5 . . . 1 1 . 2 . 2 1 . 2 . . . . . 2 5 1 2 1 Energy Discharges 41 | . . 6 1 . 4 . 7 3 4 . . . 1 . . 2 1 . . . 2 . . . . . 1 1 5 3 . Parts Rejected 4 | . . . . . . . 1 . . . . . . . . . . . . . . . . . . . . 1 1 . 1 Parts Fused 1 | . . . . . . . 1 . . . . . . . . . . . . . . . . . . . . . . . . Data Loss (minor) 38 | . 1 5 6 . 2 . 4 2 4 . . . . 1 1 1 . 1 . 1 5 . . . . . . 2 2 . . Data Loss (major) 17 | . . 2 . . . . 5 1 3 . . . . . . . . . 1 2 1 . . . . . . 1 . 1 . Misfires 8 | . . 1 1 . 3 . 1 . 2 . . . . . . . . . . . . . . . . . . . . . . Alerts 11 | . . . . . 1 . 1 1 3 . . . . . . . . 1 . . . . . . . . 1 3 . . . Misdirections 10 | . . . . . . 1 1 2 . . . . . . . . . . . . . . . . . . . 3 1 2 . Weapon Failures 4 | . . . . . . . 2 . 1 . . . . . . . . . . . . . . . . . 1 . . . . Overload Shots 8 | . . . . . . . 2 6 . . . . . . . . . . . . . . . . . . . . . . . Overflow Damage 4564 | . 7 . . . 230 . 335 15 23 . 89 134 . 134 42 . . 6 304 . 404 156 . 71 . 203 217 1843 1 . 350 Projectiles 54 | . . . . . 20 . 17 15 . . . . . . . . . . . . . . . . . . . . . . 2 Explosions 1384 | . 7 . . . 117 . . . . . . 39 . . . . . 6 59 . 137 . . . . 44 . 928 . . 47 Melee 3126 | . . . . . 93 . 318 . 23 . 89 95 . 134 42 . . . 245 . 267 156 . 71 . 159 217 915 1 . 301 Knockbacks 9 | . . 5 . . 1 . 3 . . . . . . . . . . . . . . . . . . . . . . . . Impact . | . . . . . . . . . . . . . . . . . . . . . . . . . . . . . . . . Kinetic 8 | . . 5 . . 1 . 2 . . . . . . . . . . . . . . . . . . . . . . . . Secondary 1 | . . . . . . . 1 . . . . . . . . . . . . . . . . . . . . . . . . Self-Inflicted Damage 415 | . 50 . . . . . . . . . . . . . . . . 3 . . . . . . . . . 176 72 9 105 Shots 8 | . 2 . . . . . . . . . . . . . . . . 1 . . . . . . . . . 2 . . 3 Rammed 11 | . 1 . . . . . . . . . . . . . . . . . . . . . . . . . . . 9 1 . Targets Rammed 11 | . 1 . . . . . . . . . . . . . . . . . . . . . . . . . . . 9 1 . Kicked . | . . . . . . . . . . . . . . . . . . . . . . . . . . . . . . . . Crushed . | . . . . . . . . . . . . . . . . . . . . . . . . . . . . . . . . Highest Temperature 356 | 36 146 255 48 . 139 . 281 332 266 . 5 146 211 304 212 301 38 259 283 64 356 232 112 55 158 304 214 244 304 284 275 Average Temperature 66 | 18 41 127 19 . 40 . 121 146 95 . 5 35 48 33 65 43 17 131 18 28 80 72 32 28 39 89 110 113 64 109 124 Received Heat Transfer 1365 | . 24 42 24 . 471 . 42 80 36 . . . . 9 . 12 . 9 9 . 57 54 24 . 39 18 9 183 112 48 63 Effects 18 | . . . . . . . 3 . . . . . . . . . . 1 1 . 10 . . . . 2 . 1 . . . Energy Bleed 4 | . . . . . . . . . . . . . . . . . . 1 . . . . . . . 2 . 1 . . . Interference 14 | . . . . . . . 3 . . . . . . . . . . . 1 . 10 . . . . . . . . . . Siege Activations . | . . . . . . . . . . . . . . . . . . . . . . . . . . . . . . . . Martial Activations . | . . . . . . . . . . . . . . . . . . . . . . . . . . . . . . . . Shielding Activations . | . . . . . . . . . . . . . . . . . . . . . . . . . . . . . . . . Robots Disrupted . | . . . . . . . . . . . . . . . . . . . . . . . . . . . . . . . . Combat Hostiles . | . . . . . . . . . . . . . . . . . . . . . . . . . . . . . . . . Robots Corrupted 1 | . 1 . . . . . . . . . . . . . . . . . . . . . . . . . . . . . . Combat Hostiles . | . . . . . . . . . . . . . . . . . . . . . . . . . . . . . . . . Parts Fried 7 | . 4 . . . . . . . . . . . . . . . . . . . . . . . . . . . . . 3 Impact Corruptions 2 | . . . . . . . . . . . . . . . . . . . . . . . . . . . . . . . 2 Robots Melted . | . . . . . . . . . . . . . . . . . . . . . . . . . . . . . . . . Combat Hostiles . | . . . . . . . . . . . . . . . . . . . . . . . . . . . . . . . . Parts Melted 3 | . . . . . . . . . . . . . . . . . . . . . . . . . . . . . . . 3 Heat Transferred 2205 | . . 375 169 . 500 . . 300 74 . . . . . . . . . 350 . 400 . . . . . . . . . 37 Parts Sabotaged . | . . . . . . . . . . . . . . . . . . . . . . . . . . . . . . . . Parts Stolen . | . . . . . . . . . . . . . . . . . . . . . . . . . . . . . . . . Parts Stripped . | . . . . . . . . . . . . . . . . . . . . . . . . . . . . . . . . Power Chain Reactions 2 | . 2 . . . . . . . . . . . . . . . . . . . . . . . . . . . . . . Alert | -11 -10 -10 -9 -9 -6 -6 -6 -6 -6 -6 -5 -5 -5 -5 -5 -5 -5 -4 -4 -4 -4 -4 -4 -4 -4 -3 -3 -3 -2 -2 -1 ------- Run | Yrd Mat Sub Rec Scr Fac Was Fac Low Low Zio Pro Fac Was Fac Upp Upp Zhi Pro Fac Was Fac Ext Cet Arc Hub Res Qua Frg Res Tes Acc Maximum Alert Level 3 | . . . . . 2 . 2 . . . . . . 2 . . . . 3 1 3 2 1 1 1 1 1 3 3 2 2 Low Security (%) 60 | 100 100 . 100 . 64 100 78 . . . . 100 100 57 . . . . 20 36 53 . 57 90 82 78 72 45 . . . Level 1 13 | . . . . . 11 . 2 . . . . . . 28 . . . . 1 63 2 35 42 9 17 21 27 4 30 . 78 Level 2 25 | . . . . . 23 . 18 . . . . . . 13 . . . . 78 . 42 64 . . . . . 45 50 100 20 Level 3 1 | . . . . . . . . . . . . . . . . . . . . . 2 . . . . . . 3 18 . . Level 4 . | . . . . . . . . . . . . . . . . . . . . . . . . . . . . . . . . Level 5 . | . . . . . . . . . . . . . . . . . . . . . . . . . . . . . . . . High Security . | . . . . . . . . . . . . . . . . . . . . . . . . . . . . . . . . Max Security . | . . . . . . . . . . . . . . . . . . . . . . . . . . . . . . . . Peak Influence 966 | 5 156 . 185 . 656 175 489 . . . . 129 19 458 . . . . 709 245 715 553 275 225 264 342 361 711 966 621 505 Initial 543 | . . . 99 . . 175 108 . . . . . 19 . . . . . 140 245 27 347 165 98 . 90 211 67 372 543 282 Average 228 | . 49 . 116 . 191 168 163 . . . . 32 5 159 . . . . 432 175 325 417 192 79 75 104 175 356 539 529 308 Influence Increases 16391 | 5 426 431 420 . 1690 . 763 105 527 . 5 356 4 749 63 522 . 552 1614 74 1801 732 290 187 376 1036 580 1261 864 348 610 Destroy 0b10 Robot/C 5360 | . 220 220 140 . 460 . 180 80 240 . . 40 . 180 40 320 . 280 320 . 440 360 140 80 100 380 200 660 60 . 220 Destroy 0b10 Robot/NC 830 | 5 50 . 15 . 90 . 85 . 5 . 5 15 . 75 5 . . 15 80 . 100 20 10 5 10 50 35 105 10 10 30 Destroy Leader 924 | . 48 20 . . 140 . 66 10 10 . . 22 . 44 10 40 . 20 90 . 124 32 . . 32 64 16 90 20 2 24 Allied During Kill 1232 | . . 116 35 . 22 . . . 47 . . 14 . 51 8 132 . 132 81 . 24 162 125 85 51 103 44 . . . . Trap Triggered on 0b10 20 | . . . . . . . . . . . . . . . . . . . 20 . . . . . . . . . . . . Successful Hack 988 | . 17 . 18 . 93 . 60 . . . . 42 . 48 . . . . 62 . 133 27 7 . 8 275 37 80 42 . 39 Select Force Hacks 340 | . 30 . 210 . . . . . . . . . . . . . . . . . . . . . 100 . . . . . . Disable Machine 1410 | . 30 . . . 180 . 150 . . . . 15 . 105 . . . . 405 . 150 30 . 15 . 30 75 135 . 45 45 Anti-Garrison Action 150 | . . . . . . . . . . . . . . . . . . . 150 . . . . . . . . . . . . Destroy Structure 1732 | . 31 . 2 . 195 . 87 . . . . 118 4 96 . . . . 256 74 290 56 8 2 60 74 68 56 27 21 207 Partial Spotted 435 | . . . . . 45 . 45 . . . . 15 . . . . . . 60 . 90 30 . . 15 . 45 15 45 15 15 Lose Combat Pursuer 2670 | . . 75 . . 465 . 90 15 225 . . 75 . 150 . 30 . 105 90 . 450 15 . . . 60 60 120 360 255 30 Active Sensor Use 300 | . . . . . . . . . . . . . . . . . . . . . . . . . . . . . 300 . . Influence Decreases 15975 | 5 350 300 572 55 1189 346 463 375 623 89 5 299 61 367 356 351 260 328 1138 735 1129 1146 342 432 204 831 836 719 561 843 665 Entered New Map 3723 | . . 37 108 55 . 326 47 169 36 89 . . 38 . 142 17 260 . 84 455 12 364 132 147 . 82 166 54 291 423 189 Time Decay 7146 | 5 340 183 404 . 454 20 416 206 467 . 5 205 23 245 214 254 . 188 374 80 599 342 190 245 60 331 310 410 190 140 246 Search Patrol Dispatched 300 | . . . . . 150 . . . . . . . . . . . . . . . . . . . . . . . . 150 . Lost Part 630 | . 10 . . . 40 . . . . . . . . . . . . . 10 . 60 . . . 20 10 . 120 80 110 170 Lost Ally 1799 | . . 80 60 . 95 . . . 120 . . . . 122 . 80 . 140 220 200 110 140 20 40 124 108 60 . . 20 60 Purge Threat 2377 | . . . . . 450 . . . . . . 94 . . . . . . 450 . 348 300 . . . 300 300 135 . . . Squads Dispatched 146 | . 1 . . . 20 . 9 . . . . 7 . 12 . 1 . 1 17 . 31 1 . . 8 12 7 7 5 3 4 Investigation 78 | . 1 . . . 8 . 6 . . . . 5 . 8 . . . . 7 . 16 . . . 4 10 3 4 3 1 2 Extermination 29 | . . . . . 5 . 3 . . . . 2 . 2 . . . . 2 . 7 . . . . 1 2 1 2 1 1 Reinforcement 23 | . . . . . 4 . . . . . . . . . . . . . 3 . 7 . . . 2 1 2 2 . 1 1 Assault 11 | . . . . . . . . . . . . . . . . 1 . 1 5 . 1 1 . . 2 . . . . . . Garrison 5 | . . . . . 3 . . . . . . . . 2 . . . . . . . . . . . . . . . . . Intercept . | . . . . . . . . . . . . . . . . . . . . . . . . . . . . . . . . Searches Triggered 2 | . . . . . 1 . . . . . . . . . . . . . . . . . . . . . . . . 1 . Construction Impeded 3 | . . . . . 1 . . . . . . . . . . . . . 1 . 1 . . . . . . . . . . Haulers Reinforced 6 | . . . . . 2 . . . . . . . . . . . . . . . 3 . . . . . 1 . . . . Active Scanning Responses 3 | . . . . . . . . . . . . . . . . . . . . . . . . . . . . . 3 . . Cargo Convoy Interrupts 1 | . . . . . . . . . . . . . . . . . . . 1 . . . . . . . . . . . . Stealth | -11 -10 -10 -9 -9 -6 -6 -6 -6 -6 -6 -5 -5 -5 -5 -5 -5 -5 -4 -4 -4 -4 -4 -4 -4 -4 -3 -3 -3 -2 -2 -1 --------- Run | Yrd Mat Sub Rec Scr Fac Was Fac Low Low Zio Pro Fac Was Fac Upp Upp Zhi Pro Fac Was Fac Ext Cet Arc Hub Res Qua Frg Res Tes Acc Distress Signals 43 | . 1 . 1 . 1 . 2 . . . . . . 2 . . . . 5 . 4 2 3 . 3 6 . 10 2 . 1 Communications Jammed . | . . . . . . . . . . . . . . . . . . . . . . . . . . . . . . . . Distress Signals . | . . . . . . . . . . . . . . . . . . . . . . . . . . . . . . . . Times Spotted 635 | . 22 26 7 . 53 5 21 4 22 . . 2 6 15 2 4 . 14 36 6 47 20 9 1 25 26 17 101 43 29 72 Peak Tracking Total 25 | . 4 5 5 . 9 6 4 4 6 . . 5 6 5 2 9 . 9 15 6 7 4 5 1 25 8 3 15 24 14 15 Tactical Retreats 90 | . . 1 . . 13 . 4 1 9 . . 2 . 6 . 1 . 3 4 . 15 1 . . . 3 4 6 6 5 6 Traps | -11 -10 -10 -9 -9 -6 -6 -6 -6 -6 -6 -5 -5 -5 -5 -5 -5 -5 -4 -4 -4 -4 -4 -4 -4 -4 -3 -3 -3 -2 -2 -1 ------- Run | Yrd Mat Sub Rec Scr Fac Was Fac Low Low Zio Pro Fac Was Fac Upp Upp Zhi Pro Fac Was Fac Ext Cet Arc Hub Res Qua Frg Res Tes Acc Traps Triggered 22 | . 1 1 . . 1 . 4 . . . . 1 . . . . . . 2 . 5 1 . . . . . 1 2 2 1 Indirectly . | . . . . . . . . . . . . . . . . . . . . . . . . . . . . . . . . Trap Hack Attempts . | . . . . . . . . . . . . . . . . . . . . . . . . . . . . . . . . Triggered . | . . . . . . . . . . . . . . . . . . . . . . . . . . . . . . . . Disarmed . | . . . . . . . . . . . . . . . . . . . . . . . . . . . . . . . . Reprogrammed 4 | . . . . . . . 4 . . . . . . . . . . . . . . . . . . . . . . . . Reused 2 | . . . . . . . . . . . . . . . . . . . 2 . . . . . . . . . . . . Traps Extracted . | . . . . . . . . . . . . . . . . . . . . . . . . . . . . . . . . Installed 5 | . . . . . . . . . . . . . . . . . . . 5 . . . . . . . . . . . . Triggered 2 | . . . . . . . . . . . . . . . . . . . 2 . . . . . . . . . . . . Most Traps Carried 8 | . . . . . . . . . . . . . . . 8 8 8 8 8 3 3 3 3 3 3 3 3 . . . . Objects Rigged 21 | . . . . . 8 . . . . . . 4 . . . . . . 6 . 3 . . . . . . . . . . Exploded 10 | . . . . . 4 . . . . . . 1 . . . . . . 2 . 3 . . . . . . . . . . Machines | -11 -10 -10 -9 -9 -6 -6 -6 -6 -6 -6 -5 -5 -5 -5 -5 -5 -5 -4 -4 -4 -4 -4 -4 -4 -4 -3 -3 -3 -2 -2 -1 ---------- Run | Yrd Mat Sub Rec Scr Fac Was Fac Low Low Zio Pro Fac Was Fac Upp Upp Zhi Pro Fac Was Fac Ext Cet Arc Hub Res Qua Frg Res Tes Acc Machines Disabled 98 | . 2 2 . . 12 . 10 . . . . 1 . 7 . 1 . . 28 . 10 2 . 1 . 2 5 9 . 3 3 Max in Single Turn 10 | . 1 1 . . 4 . 5 . . . . 1 . . . . . . 10 . 4 1 . . . 1 1 2 . 1 1 Garrison Access 10 | . . . . . 1 . 3 . . . . 1 . . . . . . 1 . 1 . . . 1 2 . . . . . Network Hub 2 | . . . . . . . . . . . . . . . . . . . . . . . . . 2 . . . . . . Energy Cycler 1 | . . . . . . . . . . . . . . . . . . . . . . . . . . . . . . . 1 Machines Repaired . | . . . . . . . . . . . . . . . . . . . . . . . . . . . . . . . . Machines Dismantled . | . . . . . . . . . . . . . . . . . . . . . . . . . . . . . . . . Machines Sabotaged 2 | . . . . . . . . . . . . . . . . . . . . . . . . . 2 . . . . . . Overloaded Fab Kills . | . . . . . . . . . . . . . . . . . . . . . . . . . . . . . . . . Hacking | -11 -10 -10 -9 -9 -6 -6 -6 -6 -6 -6 -5 -5 -5 -5 -5 -5 -5 -4 -4 -4 -4 -4 -4 -4 -4 -3 -3 -3 -2 -2 -1 --------- Run | Yrd Mat Sub Rec Scr Fac Was Fac Low Low Zio Pro Fac Was Fac Upp Upp Zhi Pro Fac Was Fac Ext Cet Arc Hub Res Qua Frg Res Tes Acc Machines Accessed 232 | . 7 2 11 4 30 . 20 1 3 1 . 16 . 14 2 . 4 . 18 . 39 9 1 . 7 19 8 7 5 1 3 Terminals 114 | . 5 . 4 . 17 . 7 . . . . 8 . 5 . . . . 9 . 15 9 1 . 7 9 7 6 4 . 1 Fabricators 21 | . . . . . 3 . 4 . . . . 2 . 2 . . . . 1 . 5 . . . . 2 . . 1 . 1 Repair Stations 16 | . . . . . 2 . . . . . . . . . . . . . 2 . 6 . . . . 3 1 . . 1 1 Recycling Units 47 | . 2 . 7 . 5 . 5 . . . . 4 . 7 . . . . 6 . 8 . . . . 2 . 1 . . . Scanalyzers 8 | . . . . . 2 . 1 . . . . 1 . . . . . . . . 4 . . . . . . . . . . Garrison Access 9 | . . . . . 1 . 3 . . . . 1 . . . . . . . . 1 . . . . 3 . . . . . Total Hacks 661 | . 18 5 16 29 71 . 47 1 5 3 . 32 . 23 2 . 17 . 41 . 110 23 2 . 20 101 38 31 18 2 6 Successful 406 | . 8 5 12 29 46 . 27 1 5 3 . 21 . 12 2 . 17 . 22 . 78 13 1 . 12 53 17 10 8 1 3 Failed 255 | . 10 . 4 . 25 . 20 . . . . 11 . 11 . . . . 19 . 32 10 1 . 8 48 21 21 10 1 3 Catastrophic 43 | . 1 . . . 4 . 2 . . . . 1 . 4 . . . . 3 . 2 1 . . . 7 6 7 4 . 1 Database Lockouts . | . . . . . . . . . . . . . . . . . . . . . . . . . . . . . . . . Manual 302 | . 12 . 12 . 40 . 20 . . . . 17 . 20 . . . . 28 . 46 16 1 . 15 30 17 14 8 2 4 Terminals 384 | . 16 . 8 . 45 . 20 . . . . 19 . 9 . . . . 27 . 53 23 2 . 20 61 33 30 15 . 3 Fabricators 62 | . . . . . 6 . 13 . . . . 4 . 5 . . . . 2 . 14 . . . . 14 . . 3 . 1 Repair Stations 55 | . . . . . 3 . . . . . . . . . . . . . 5 . 21 . . . . 17 5 . . 2 2 Recycling Units 62 | . 2 . 8 . 9 . 8 . . . . 5 . 9 . . . . 7 . 11 . . . . 2 . 1 . . . Scanalyzers 22 | . . . . . 7 . 2 . . . . 3 . . . . . . . . 10 . . . . . . . . . . Garrison Access 14 | . . . . . 1 . 4 . . . . 1 . . . . . . . . 1 . . . . 7 . . . . . Terminal Hacks 180 | . 4 5 3 29 15 . 4 1 5 3 . 6 . 1 2 . 17 . 7 . 27 7 1 . 2 23 11 5 2 . . Record 42 | . . 4 . 29 . . . . 3 . . . . . 1 . 5 . . . . . . . . . . . . . . Part Schematic 12 | . . . 1 . 3 . . . . 3 . . . . . . 4 . . . . . . . . 1 . . . . . Robot Analysis 12 | . 2 . . . 1 . . . . . . . . . . . 4 . . . 4 . . . . 1 . . . . . Prototype ID Bank 16 | . 2 . 1 . 1 . . . . . . 1 . . . . 4 . 1 . 5 1 . . . . . . . . . Open Door 8 | . . . . . . . . 1 2 . . . . . 1 . . . . . . 3 1 . . . . . . . . Level Access Points 1 | . . . . . . . . . . . . . . . . . . . . . . . . . 1 . . . . . . Branch Access Points 3 | . . . . . . . . . . . . . . . . . . . . . 1 . . . . 1 . . 1 . . Emergency Access Points 1 | . . . . . . . . . . . . . . . . . . . . . 1 . . . . . . . . . . Machine Index 1 | . . . . . . . . . . . . . . . . . . . . . . . . . . 1 . . . . . Terminal Index 6 | . . . . . . . 1 . . . . 1 . . . . . . 1 . 1 . . . 1 1 . . . . . Fabricator Index 2 | . . . . . . . . . . . . . . . . . . . . . . . . . . 1 . 1 . . . Scanalyzer Index 1 | . . . . . . . . . . . . . . . . . . . . . 1 . . . . . . . . . . Garrison Index 2 | . . . . . . . . . . . . 1 . . . . . . . . . . . . . . . 1 . . . Alert Level 12 | . . . . . 2 . . . . . . . . . . . . . . . 4 1 . . . 2 1 1 1 . . Unreport Threat 18 | . . . . . 3 . . . . . . 1 . . . . . . 3 . 3 2 . . . 3 2 1 . . . Locate Traps 4 | . . . . . . . 1 . . . . 1 . . . . . . . . 1 . . . . 1 . . . . . Reprogram Traps 1 | . . . . . . . 1 . . . . . . . . . . . . . . . . . . . . . . . . Security Status 1 | . . . . . . . . . . . . . . . . . . . . . . . . . . . 1 . . . . Patrol Status 10 | . . . 1 . 1 . . . . . . . . . . . . . 1 . 2 . . . . 3 1 1 . . . Transport Status 1 | . . . . . . . . . . . . . . . . . . . . . . . . . . 1 . . . . . Extermination Status 1 | . . . . . . . . . . . . . . . . . . . . . 1 . . . . . . . . . . Recall Investigation 2 | . . . . . . . . . . . . . . . . . . . . . . . . . . . 2 . . . . Recall Extermination 4 | . . . . . . . . . . . . . . . . . . . . . 1 . . . . 2 1 . . . . Recall Reinforcements 1 | . . . . . . . . . . . . . . . . . . . . . . . . . . 1 . . . . . Hauler Manifests 8 | . . . . . 1 . 1 . . . . 1 . 1 . . . . 1 . 1 . . . . 1 1 . . . . Registered Components 4 | . . . . . 1 . . . . . . . . . . . . . . . 1 . . . . 1 1 . . . . Registered Prototypes 2 | . . . . . 1 . . . . . . . . . . . . . . . . . . . . 1 . . . . . Zone Layout 3 | . . . . . 1 . . . . . . . . . . . . . . . . . . . . 1 1 . . . . Proto ID Catalog 1 | . . 1 . . . . . . . . . . . . . . . . . . . . . . . . . . . . . Fabricator Hacks 30 | . . . . . 3 . 6 . . . . 2 . . . . . . 1 . 10 . . . . 7 . . 1 . . Network Status 6 | . . . . . 1 . 1 . . . . 1 . . . . . . . . 1 . . . . 1 . . 1 . . Load Schematic 15 | . . . . . 2 . 2 . . . . 1 . . . . . . 1 . 5 . . . . 4 . . . . . Build 9 | . . . . . . . 3 . . . . . . . . . . . . . 4 . . . . 2 . . . . . Repair Station Hacks 25 | . . . . . 2 . . . . . . . . . . . . . 3 . 11 . . . . 9 . . . . . Scan Component 16 | . . . . . 1 . . . . . . . . . . . . . 2 . 8 . . . . 5 . . . . . Repair 9 | . . . . . 1 . . . . . . . . . . . . . 1 . 3 . . . . 4 . . . . . Recycling Unit Hacks 1 | . 1 . . . . . . . . . . . . . . . . . . . . . . . . . . . . . . Retrieve Components 1 | . 1 . . . . . . . . . . . . . . . . . . . . . . . . . . . . . . Scanalyzer 16 | . . . . . 6 . 2 . . . . 2 . . . . . . . . 6 . . . . . . . . . . Insert Component 11 | . . . . . 4 . 2 . . . . 1 . . . . . . . . 4 . . . . . . . . . . Analyze 5 | . . . . . 2 . . . . . . 1 . . . . . . . . 2 . . . . . . . . . . Garrison Access Hacks 8 | . . . . . 1 . 3 . . . . 1 . . . . . . . . 1 . . . . 2 . . . . . Seal Access 8 | . . . . . 1 . 3 . . . . 1 . . . . . . . . 1 . . . . 2 . . . . . Unauthorized Hacks 146 | . 3 . 9 . 19 . 12 . . . . 10 . 11 . . . . 11 . 23 6 . . 10 12 6 5 5 1 3 Terminals 77 | . 2 . 2 . 11 . 4 . . . . 5 . 2 . . . . 4 . 11 6 . . 10 7 5 4 3 . 1 Track 16 | . . . . . 3 . 1 . . . . 1 . . . . . . . . 3 . . . 1 2 2 2 1 . . Assimilate 7 | . . . . . 3 . . . . . . . . . . . . . 1 . 1 . . . . 2 . . . . . Botnet 43 | . 2 . 2 . 4 . 3 . . . . 2 . 2 . . . . 2 . 5 6 . . 5 3 2 2 2 . 1 Detonate 5 | . . . . . 1 . . . . . . 2 . . . . . . 1 . 1 . . . . . . . . . . Disrupt 1 | . . . . . . . . . . . . . . . . . . . . . . . . . . . 1 . . . . Operators 1 | . . . . . . . . . . . . . . . . . . . . . 1 . . . . . . . . . . Sabotage 4 | . . . . . . . . . . . . . . . . . . . . . . . . . 4 . . . . . . Fabricators 20 | . . . . . 3 . 4 . . . . 2 . 2 . . . . 1 . 3 . . . . 2 . . 2 . 1 Report 4 | . . . . . . . 1 . . . . 1 . 1 . . . . . . . . . . . . . . 1 . . Prioritize 2 | . . . . . . . 1 . . . . . . . . . . . . . . . . . . 1 . . . . . Liberate 2 | . . . . . . . 1 . . . . . . . . . . . . . . . . . . . . . . . 1 Haulers 5 | . . . . . 1 . 1 . . . . . . 1 . . . . . . 1 . . . . . . . 1 . . Recompile 7 | . . . . . 2 . . . . . . 1 . . . . . . 1 . 2 . . . . 1 . . . . . Repair Stations 5 | . . . . . . . . . . . . . . . . . . . . . 1 . . . . 1 1 . . 1 1 Patch 5 | . . . . . . . . . . . . . . . . . . . . . 1 . . . . 1 1 . . 1 1 Recycling Units 44 | . 1 . 7 . 5 . 4 . . . . 3 . 7 . . . . 6 . 8 . . . . 2 . 1 . . . Tunnel 8 | . 1 . 7 . . . . . . . . . . . . . . . . . . . . . . . . . . . . Fedlink 34 | . . . . . 5 . 4 . . . . 3 . 6 . . . . 6 . 8 . . . . 1 . 1 . . . Scrapoids 2 | . . . . . . . . . . . . . . 1 . . . . . . . . . . . 1 . . . . . Scanalyzers . | . . . . . . . . . . . . . . . . . . . . . . . . . . . . . . . . Garrison Access . | . . . . . . . . . . . . . . . . . . . . . . . . . . . . . . . . Data Cores Recovered 7 | . 2 . . . . . . . . . . . . . . . . . 1 . . 1 . . 1 . 2 . . . . Used 5 | . 1 . . . . . . . . . . . . . . . . . . . . 1 . . 1 . 2 . . . . Hacking Detections 145 | . 5 . 2 . 24 . 14 . . . . 11 . 7 . . . . 11 . 26 7 1 . 3 15 8 6 4 . 1 Full Trace Events 12 | . . . . . 1 . 1 . . . . 1 . 1 . . . . . . 3 . . . . 2 2 1 . . . Feedback Events 1 | . . . . . 1 . . . . . . . . . . . . . . . . . . . . . . . . . . Corruption 1 | . . . . . 1 . . . . . . . . . . . . . . . . . . . . . . . . . . Feedback Blocked . | . . . . . . . . . . . . . . . . . . . . . . . . . . . . . . . . Robot Schematics Acquired . | . . . . . . . . . . . . . . . . . . . . . . . . . . . . . . . . Robots Built . | . . . . . . . . . . . . . . . . . . . . . . . . . . . . . . . . Authchips . | . . . . . . . . . . . . . . . . . . . . . . . . . . . . . . . . Time . | . . . . . . . . . . . . . . . . . . . . . . . . . . . . . . . . Total Robot Build Rating . | . . . . . . . . . . . . . . . . . . . . . . . . . . . . . . . . Part Schematics Acquired 18 | . . . 1 . 5 . . . . 3 . 1 . . . . 4 . . . 1 . . . . 1 2 . . . . Parts Built 15 | . . . . . . . 5 . . . . . . . . . . . . . 7 . . . . 3 . . . . . Authchips 7 | . . . . . . . 2 . . . . . . . . . . . . . 3 . . . . 2 . . . . . Time 590 | . . . . . . . 137 . . . . . . . . . . . . . 282 . . . . 171 . . . . . Total Part Build Rating 108 | . . . . . . . 30 . . . . . . . . . . . . . 52 . . . . 26 . . . . . Parts Repaired 8 | . . . . . 1 . . . . . . . . . . . . . 1 . 3 . . . . 3 . . . . . Time 516 | . . . . . 68 . . . . . . . . . . . . . 89 . 236 . . . . 123 . . . . . Parts Recycled . | . . . . . . . . . . . . . . . . . . . . . . . . . . . . . . . . Recycled Matter . | . . . . . . . . . . . . . . . . . . . . . . . . . . . . . . . . Retrieved Matter . | . . . . . . . . . . . . . . . . . . . . . . . . . . . . . . . . Retrieved Components 10 | . 10 . . . . . . . . . . . . . . . . . . . . . . . . . . . . . . Parts Scanalyzed 4 | . . . . . 2 . . . . . . 1 . . . . . . . . 1 . . . . . . . . . . Part Schematics Acquired 4 | . . . . . 2 . . . . . . 1 . . . . . . . . 1 . . . . . . . . . . Parts Damaged 2 | . . . . . 2 . . . . . . . . . . . . . . . . . . . . . . . . . . Bothacking | -11 -10 -10 -9 -9 -6 -6 -6 -6 -6 -6 -5 -5 -5 -5 -5 -5 -5 -4 -4 -4 -4 -4 -4 -4 -4 -3 -3 -3 -2 -2 -1 ------------ Run | Yrd Mat Sub Rec Scr Fac Was Fac Low Low Zio Pro Fac Was Fac Upp Upp Zhi Pro Fac Was Fac Ext Cet Arc Hub Res Qua Frg Res Tes Acc Used RIF Installer . | . . . . . . . . . . . . . . . . . . . . . . . . . . . . . . . . Robots Hacked 6 | . . . . . . . . . . . . 1 . . . . . . 2 . . . . 3 . . . . . . . Non-combat 3 | . . . . . . . . . . . . 1 . . . . . . 1 . . . . 1 . . . . . . . Combat 2 | . . . . . . . . . . . . . . . . . . . . . . . . 2 . . . . . . . Robot Hacks Applied 6 | . . . . . . . . . . . . 1 . . . . . . 1 . . . . 4 . . . . . . . parse_system 3 | . . . . . . . . . . . . . . . . . . . . . . . . 3 . . . . . . . find_chute 2 | . . . . . . . . . . . . 1 . . . . . . 1 . . . . . . . . . . . . check_alert 1 | . . . . . . . . . . . . . . . . . . . . . . . . 1 . . . . . . . Manual 1 | . . . . . . . . . . . . . . . . . . . 1 . . . . . . . . . . . . Relay Couplers Released 6 | . . . . . . . . . . . . . . . . . . . 1 . 4 . . . 1 . . . . . . Machine Destruction 2 | . . . . . . . . . . . . . . . . . . . 1 . . . . . 1 . . . . . . Programmers 4 | . . . . . . . . . . . . . . . . . . . . . 4 . . . . . . . . . . Fabnet Peak Effective % . | . . . . . . . . . . . . . . . . . . . . . . . . . . . . . . . . Robots Rewired 17 | . . . 5 . . . . . 2 . . . . . . 1 . . . . . 9 . . . . . . . . . Allies Hacked 1 | . . . . . . . . . . . . . . 1 . . . . . . . . . . . . . . . . . Hacks Repelled 1 | . . . . . . . . . . . . . . . . . . . . . . . . . . . 1 . . . . Allies | -11 -10 -10 -9 -9 -6 -6 -6 -6 -6 -6 -5 -5 -5 -5 -5 -5 -5 -4 -4 -4 -4 -4 -4 -4 -4 -3 -3 -3 -2 -2 -1 -------- Run | Yrd Mat Sub Rec Scr Fac Was Fac Low Low Zio Pro Fac Was Fac Upp Upp Zhi Pro Fac Was Fac Ext Cet Arc Hub Res Qua Frg Res Tes Acc Total Allies 130 | . . 12 5 . 2 . . . 8 . . 4 . 9 7 7 . 6 13 18 7 14 5 . . 11 . . . . 2 Largest Group 18 | . . 11 8 8 6 . . . 4 2 2 4 1 5 4 5 5 5 4 18 4 10 10 10 7 7 6 . . . 2 Highest-Rated Group 790 | . . 211 118 118 93 . . . 324 162 162 324 81 235 324 348 336 336 324 656 324 409 790 777 560 516 452 . . . 128 Highest-Rated Ally 159 | . . 21 21 21 26 . . . 81 81 81 81 81 81 81 81 81 81 81 50 81 159 159 152 96 81 81 . . . 64 Total Orders 10 | . . . . 2 . . . . . . . . . . . . . . . . . . . . . 5 . . . 2 1 STAY 2 | . . . . 1 . . . . . . . . . . . . . . . . . . . . . 1 . . . . . FOLLOW 2 | . . . . 1 . . . . . . . . . . . . . . . . . . . . . 1 . . . . . EXPLORE 6 | . . . . . . . . . . . . . . . . . . . . . . . . . . 3 . . . 2 1 Ally Attacks 665 | . . 48 34 . 20 . . . 32 . . 6 2 49 4 52 . 36 61 68 33 37 35 16 31 64 29 . . . 8 Total Damage 24893 | . . 581 606 . 231 . . . 712 . . 149 6 2120 105 1833 . 2852 2517 3713 1559 1544 1323 636 1648 1772 875 . . . 111 Kills 143 | . . 11 8 . 2 . . . 7 . . 1 . 13 1 16 . 21 12 7 8 6 5 3 5 12 5 . . . . Allies Corrupted 4 | . . . . . . . . . . . . . . . . . . . . . . . . . 3 . . . . . 1 Allies Melted 6 | . . . . . . . . . 1 . . . . . . . . 1 . . . . . . . . . 4 . . . Intel | -11 -10 -10 -9 -9 -6 -6 -6 -6 -6 -6 -5 -5 -5 -5 -5 -5 -5 -4 -4 -4 -4 -4 -4 -4 -4 -3 -3 -3 -2 -2 -1 ------- Run | Yrd Mat Sub Rec Scr Fac Was Fac Low Low Zio Pro Fac Was Fac Upp Upp Zhi Pro Fac Was Fac Ext Cet Arc Hub Res Qua Frg Res Tes Acc Active Infowar (turns) 17949 | 36 878 485 . . 2438 43 995 419 939 363 719 742 114 721 454 515 114 401 842 162 2249 575 . . 113 868 680 1031 314 216 523 Optics 615 | . . . . . . . . . . . . . . . . . . . . . . . . . . . . 333 282 . . Sensors 15323 | . . . . . 2164 43 995 419 936 363 719 742 114 721 454 511 114 401 824 162 2199 575 . . 113 780 680 695 . 216 383 A.S.S. 650 | . . . . . . . . . . . . . . . . . . . . . . . . . . . . 336 314 . . Terrain 239 | . . . . . . . . . . . . . . . . 1 . . . . . . . . . . . . . . 238 Structural 7865 | . . . . . 341 . 478 . 2 . 703 647 111 711 380 507 108 401 641 1 1661 60 . . 94 360 502 157 . . . Seismic 1399 | 36 878 485 . . . . . . . . . . . . . . . . . . . . . . . . . . . . . Decoding 1 | . . . . . . . . . 1 . . . . . . . . . . . . . . . . . . . . . . T.N.C. 457 | . . . . . 258 . . . 2 . . . . . . . . . 190 7 . . . . . . . . . . . Triangulation 505 | . . . . . . . . . . . . . . . . . . . . . . . . . . . . . . . 505 Jamming 206 | . . . . . 205 . . . . . . . . . . . . . . . . . . . 1 . . . . . . ECM 86 | . . . . . . . . . . . . . . . . . . . . . . . . . . . . . . . 86 Robot Analysis Total 12 | . 2 . . . 1 . . . . . . . . . . . 4 . . . 4 . . . . 1 . . . . . Derelict Logs Recovered 13 | . . 1 . 3 . . . 1 2 1 2 . . . 1 2 . . . . . . . . . . . . . . . Drone Launches 22 | . . . . . . . . . . . . . . . . . . . . . . . . . . 18 . . . 2 2 Drone Recoveries 3 | . . . . . . . . . . . . . . . . . . . . . . . . . . 3 . . . . . Exploration | -11 -10 -10 -9 -9 -6 -6 -6 -6 -6 -6 -5 -5 -5 -5 -5 -5 -5 -4 -4 -4 -4 -4 -4 -4 -4 -3 -3 -3 -2 -2 -1 ------------- Run | Yrd Mat Sub Rec Scr Fac Was Fac Low Low Zio Pro Fac Was Fac Upp Upp Zhi Pro Fac Was Fac Ext Cet Arc Hub Res Qua Frg Res Tes Acc Turns Passed 25968 | 96 878 2900 979 2323 2438 43 1006 424 1189 363 719 742 114 721 454 548 114 401 869 162 2281 773 382 748 121 938 680 1369 381 289 523 Spaces Moved 29176 | 49 422 1653 495 1534 2402 101 1379 836 1182 816 678 1191 199 1077 879 795 149 669 1570 274 3510 743 262 131 261 1194 1019 1895 532 496 783 Core 264 | 4 . . . 158 . . . . . . . . . . . . . . . . . . . 45 . . . 57 . . . Treads 2722 | 45 422 1653 495 107 . . . . . . . . . . . . . . . . . . . . . . . . . . . Legs 16 | . . . . . 16 . . . . . . . . . . . . . . . . . . . . . . . . . . Wheels 2010 | . . . . 1269 741 . . . . . . . . . . . . . . . . . . . . . . . . . . Hover 23685 | . . . . . 1645 101 1379 836 1182 816 678 1191 199 1077 879 795 149 669 1570 274 3510 743 262 86 261 1194 1019 1405 486 496 783 Flight 479 | . . . . . . . . . . . . . . . . . . . . . . . . . . . . 433 46 . . Fastest Speed 17 | 50 160 160 160 50 42 42 38 38 38 42 42 40 40 40 40 40 35 35 17 30 17 21 21 21 21 34 27 27 30 33 39 Average Speed 59 | 151 160 160 164 143 72 42 41 38 41 42 42 40 40 40 40 40 38 35 29 30 31 33 37 520 31 36 37 40 43 42 46 Slowest Speed 1450 | 160 160 160 250 250 180 42 42 38 94 42 42 40 40 100 40 40 40 90 30 30 39 34 135 1450 34 122 122 205 157 54 56 Overloaded Moves 358 | . . . . . . . . . . . . . . . . . . . 55 . 49 18 7 2 71 10 35 111 . . . Propulsion Burnouts . | . . . . . . . . . . . . . . . . . . . . . . . . . . . . . . . . Robots Hopped 8 | . . . . . . . . . . . . . . . . . . . . . . . . . . . . 8 . . . Potential Cave-ins . | . . . . . . . . . . . . . . . . . . . . . . . . . . . . . . . . Cave-ins Triggered 1 | . . . . . . . . . . . . . . . . . . . . . . . . . . . . . 1 . . Teleports 1 | . . . . . . . . . . . . . . . . . . . . . . . . . . . . 1 . . . Exploration Rate (%) 69 | 5 90 90 97 92 67 77 51 92 91 84 92 38 96 40 96 96 60 84 53 89 82 85 68 73 43 43 93 50 25 64 21 Regions Visited 31 Branch Regions 18 Pre-discovered Areas 21 | . 1 1 7 6 1 . . . . 2 . . . . . . 3 . . . . . . . . . . . . . . Known Exits Taken 20 | . . . . . . . 1 1 1 1 1 . . 1 1 1 1 1 . . 1 1 1 1 1 1 1 1 1 1 . Unknown Exits Taken 5 | 1 1 1 1 1 . . . . . . . . . . . . . . . . . . . . . . . . . . . Scrap Searched 33 | . . 6 . 6 . . . 2 5 3 4 . . . 2 4 . 1 . . . . . . . . . . . . . Spaces Dug 458 | . . . . . 82 . 27 9 6 . 1 23 1 13 6 3 . 29 63 1 73 5 1 . 5 24 21 15 10 7 33 Terrain Destroyed 1079 | . 39 . . . 215 . 93 43 71 . 2 64 2 13 6 3 . 29 137 22 128 25 1 . 5 30 24 46 10 7 64 Melee 292 | . . . . . 41 . 25 6 2 . . 19 . 13 5 3 . 6 33 1 62 5 1 . 5 13 15 15 10 7 5 Projectile 105 | . . . . . 31 . 6 5 22 . 2 5 2 . 1 . . 1 1 . 14 . . . . 2 9 . . . 4 AOE 681 | . 39 . . . 143 . 62 32 47 . . 40 . . . . . 22 103 21 52 20 . . . 15 . 31 . . 54 Terrain Rammed . | . . . . . . . . . . . . . . . . . . . . . . . . . . . . . . . . Walls Destroyed . | . . . . . . . . . . . . . . . . . . . . . . . . . . . . . . . . Machines Disabled . | . . . . . . . . . . . . . . . . . . . . . . . . . . . . . . . . Actions | -11 -10 -10 -9 -9 -6 -6 -6 -6 -6 -6 -5 -5 -5 -5 -5 -5 -5 -4 -4 -4 -4 -4 -4 -4 -4 -3 -3 -3 -2 -2 -1 --------- Run | Yrd Mat Sub Rec Scr Fac Was Fac Low Low Zio Pro Fac Was Fac Upp Upp Zhi Pro Fac Was Fac Ext Cet Arc Hub Res Qua Frg Res Tes Acc Total 36545 | 62 540 1824 642 1657 2940 100 1669 908 1829 835 1106 1409 228 1330 958 1012 206 818 1893 338 4559 1237 538 200 284 1651 1269 2427 645 549 882 Wait 5041 | . 38 66 50 61 272 . 146 26 556 14 421 160 15 191 59 176 41 129 202 39 781 352 239 53 4 343 151 371 50 18 17 Move 29135 | 48 421 1652 494 1533 2402 100 1378 835 1181 815 677 1191 198 1076 878 794 148 668 1570 273 3509 742 261 130 260 1193 1018 1882 531 495 782 Hop 4 | . . . . . . . . . . . . . . . . . . . . . . . . . . . . 4 . . . Pick Up 168 | 2 16 9 6 33 20 . 7 2 . 2 1 5 1 2 . . 2 2 8 1 10 1 1 1 . 13 4 12 3 1 3 Fast Attach 244 | 8 . 9 . 6 29 . 4 6 11 1 . 2 4 10 . 4 7 2 7 2 26 . 9 3 4 10 5 29 16 8 22 Attach 67 | . 1 . . 4 17 . 2 . . . . 3 . . . . . . 3 1 5 . . 1 . 9 1 12 1 1 6 Detach 24 | 1 . 2 2 1 8 . . . . . . . . . . . . . 1 . 1 . . . . 2 . 3 . 1 2 Swap 232 | . 6 6 2 . 14 . 12 2 10 1 2 5 1 6 7 12 . 4 24 8 37 17 2 1 6 14 18 13 . . 2 Drop 277 | . 10 20 2 19 41 . 9 8 11 2 1 6 5 11 . 6 8 3 12 3 27 1 10 5 2 11 8 17 11 3 5 Fire 385 | 3 47 60 12 . 62 . 29 22 31 . 2 13 4 . 2 . . 4 6 10 15 3 . . . 4 10 26 . . 20 Melee 768 | . . . . . 75 . 82 7 13 . 2 24 . 34 12 12 . 6 55 1 145 49 16 6 8 48 54 58 22 16 23 Ram 11 | . . . . . . . . . . . . . . . . . . . . . . . . . . . . . 9 2 . Kick . | . . . . . . . . . . . . . . . . . . . . . . . . . . . . . . . . Crush 1 | . 1 . . . . . . . . . . . . . . . . . . . . . . . . . . . . . . Escape Stasis 14 | . . . . . . . . . . . . . . . . . . . . . 3 5 . . . . . . 2 4 . Rewire 165 | . . . 74 . . . . . 16 . . . . . . 8 . . . . . 67 . . . . . . . . . Trap 5 | . . . . . . . . . . . . . . . . . . . 5 . . . . . . . . . . . . Miscellaneous 4 | . . . . . . . . . . . . . . . . . . . . . . . . . . 4 . . . . . Route ------- -11/Scrapyard -10/Materials (discovered 5 exits: [*Mat x2] / [*Min x2] / *Sub) -10/Subcaves (discovered 3 exits: [*Mat x2] / *Rec) -9/Recycling (discovered 2 exits: [*Fac] / *Scr) -9/Scraptown (discovered 2 exits: *Fac x2) -6/Factory (discovered 6 exits: *Fac x4 / *Low x2) -6/Waste -6/Factory (discovered 5 exits: *Fac x3 / *Low x2) -6/Lower Caves -6/Lower Caves (discovered 2 exits: *Fac / *Zio) -6/Zion (discovered 2 exits: Dee / *Pro) -5/Proximity Caves -5/Factory (discovered 4 exits: *Fac x2 / Upp x2) -5/Waste -5/Factory (discovered 3 exits: Fac / *Upp x2) -5/Upper Caves -5/Upper Caves (discovered 2 exits: *Fac / *Zhi) -5/Zhirov -4/Proximity Caves -4/Factory (discovered 4 exits: *Res x3 / *Ext) -4/Waste -4/Factory (discovered 8 exits: *Res x4 / *Upp x2 / *Ext x2) -4/Extension (discovered 2 exits: *Res / *Cet) -4/Cetus (discovered 2 exits: *Res / *Arc) -4/Archives (discovered 2 exits: *Hub x2) -4/Hub_04(d) (discovered 4 exits: *Res x4) -3/Research (discovered 5 exits: *Res x2 / Arm / *Qua x2) -3/Quarantine (discovered 3 exits: *Res / [*Sec] / *Frg) -3/Protoforge -2/Research (discovered 2 exits: *Tes x2) -2/Testing -1/Access To Epsilon Eridani History --------- Turn | Location | Event 3 | -11/Scrapyard | Discovered new exit (range 16) 97 | -11/Scrapyard | Entered Materials 289 | -10/Materials | Discovered new exit (range 16) 307 | -10/Materials | Build established: Mutant 509 | -10/Materials | Discovered new exit (range 10) 667 | -10/Materials | Discovered new exit (range 8) 856 | -10/Materials | Discovered new exit (range 6) 900 | -10/Materials | Discovered new exit (range 16) 975 | -10/Materials | Entered Subcaves 976 | -10/Subcaves | Approached by a straggling Scientist 1148 | -10/Subcaves | Discovered new exit (range 7) 1453 | -10/Subcaves | Shifting Twisted Machinery released Sub. Machine Gun 1579 | -10/Subcaves | Shifting Twisted Machinery released Mak. Power Source 1723 | -10/Subcaves | Visited triangular shrine 1733 | -10/Subcaves | Found Prototype Device 1733 | -10/Subcaves | Identified V3-11A's Pendant 1738 | -10/Subcaves | Befriended Subdweller 1803 | -10/Subcaves | Befriended Subdweller 1803 | -10/Subcaves | Befriended Subdweller 1845 | -10/Subcaves | A Subdweller sparked back to life 1845 | -10/Subcaves | A Subdweller sparked back to life 1845 | -10/Subcaves | A Subdweller sparked back to life 1848 | -10/Subcaves | Befriended Subdweller 1848 | -10/Subcaves | Befriended Subdweller 1848 | -10/Subcaves | Befriended Subdweller 1877 | -10/Subcaves | Discovered new exit (range 14) 1970 | -10/Subcaves | Visited Clippyterm 1975 | -10/Subcaves | Learned Factory fabricator intel 1975 | -10/Subcaves | Learned Research security intel 2066 | -10/Subcaves | Shifting Twisted Machinery released Battle Rifle 2076 | -10/Subcaves | Shifting Twisted Machinery released Battle Cannon 2095 | -10/Subcaves | Learned location of Zion (-6) 2095 | -10/Subcaves | Met a Zionite searching for "candidates" 2098 | -10/Subcaves | Befriended Subdweller 2098 | -10/Subcaves | Befriended Subdweller 2308 | -10/Subcaves | Befriended Subdweller 2378 | -10/Subcaves | Befriended Subdweller 2468 | -10/Subcaves | Befriended Subdweller 2518 | -10/Subcaves | Befriended Subdweller 2533 | -10/Subcaves | Shifting Twisted Machinery released Sub. Laser 2554 | -10/Subcaves | Learned 2 Materials zone layouts 2762 | -10/Subcaves | Discovered new exit (range 12) 3309 | -10/Subcaves | A swath of the cavern ceiling suddenly collapsed 3527 | -10/Subcaves | Lost 4 allies 3641 | -10/Subcaves | Visited 4L-MR0's lab 3664 | -10/Subcaves | Found Gun Armor 3875 | -10/Subcaves | Entered Recycling 3875 | -9/Recycling | Accompanied by 6 allies 4315 | -9/Recycling | Discovered new exit (range 16) 4773 | -9/Recycling | Scanned before Scraplab entrance 4810 | -9/Recycling | Entered Scraplab 4832 | -9/Recycling | Discovered new exit (range 2) 4854 | -9/Recycling | Entered Scraptown 4854 | -9/Scraptown | Accompanied by 8 allies 4854 | -9/Scraptown | System corruption cleaned by C-Scrubber 4948 | -9/Scraptown | Build established: Commander-Mutant 5041 | -9/Scraptown | Delivered V3-11A's Pendant to T0-NE2 in exchange for information 5286 | -9/Scraptown | Scanned Subdweller tech in exchange for log data 5290 | -9/Scraptown | Learned 12 Research zone layouts 5292 | -9/Scraptown | Learned Factory security intel 5293 | -9/Scraptown | Learned Factory trap positions 5346 | -9/Scraptown | Discovered new exit (range 3) 5467 | -9/Scraptown | Visited SPCMW 5492 | -9/Scraptown | Visited Junk Repository 5924 | -9/Scraptown | Visited UFD Registry 5924 | -9/Scraptown | Registered with UFD as "Gravnade" 5947 | -9/Scraptown | Visited TADAMA 6002 | -9/Scraptown | Visited Symbiants 6075 | -9/Scraptown | Visited The Evicted 6094 | -9/Scraptown | Visited Assassins FH 6117 | -9/Scraptown | Visited Cyclists 6133 | -9/Scraptown | Entered Cyclist Reading Room 6231 | -9/Scraptown | Visited Infowarlord's Domain 6243 | -9/Scraptown | Found Exp. Sensor Array 6299 | -9/Scraptown | Visited Botcube Research 6311 | -9/Scraptown | Found Lrg. Botcube 6361 | -9/Scraptown | Delivered Scrap Shield to a Scientist 6516 | -9/Scraptown | Visited Research Penetration Think Tank 6542 | -9/Scraptown | Visited Scrap Suit Storage 6573 | -9/Scraptown | Visited Science Testing Area 6610 | -9/Scraptown | Visited Abandonware Association 6627 | -9/Scraptown | Learned abandonware demo "HACKBUD.EXE" 6627 | -9/Scraptown | Learned abandonware demo "SHUTEYE.EXE" 6671 | -9/Scraptown | Discovered new exit (range 5) 6767 | -9/Scraptown | Visited A0-MCA Data Center 6775 | -9/Scraptown | Given a B- rating by A0-MCA 6780 | -9/Scraptown | Found A0-MCA's Component Scanner 6806 | -9/Scraptown | Visited LU-1G1's Boring Crew 6856 | -9/Scraptown | Visited Cartography Club 6893 | -9/Scraptown | Found Surveybot 17 Chip 6945 | -9/Scraptown | Learned location of Proximity Caves (-5) 6945 | -9/Scraptown | Learned location of Warlord (-4) 6945 | -9/Scraptown | Learned 8 Factory zone layouts 6945 | -9/Scraptown | Learned 16 Factory zone layouts 6945 | -9/Scraptown | Learned 20 Factory zone layouts 6945 | -9/Scraptown | Learned 24 Factory zone layouts 6945 | -9/Scraptown | Learned 8 Research zone layouts 6945 | -9/Scraptown | Learned 16 Research zone layouts 6945 | -9/Scraptown | Learned 4 Access zone layouts 6945 | -9/Scraptown | Learned 4 Recycling zone layouts 6945 | -9/Scraptown | Learned 16 Lower Caves zone layouts 6945 | -9/Scraptown | Learned 20 Lower Caves zone layouts 6945 | -9/Scraptown | Learned Storage emergency access door positions 6945 | -9/Scraptown | Learned location of 1 exit from Proximity Caves 6945 | -9/Scraptown | Learned location of 3 exits from Proximity Caves 6957 | -9/Scraptown | Found Deep Structural Scanner 7083 | -9/Scraptown | Met Optimus 7083 | -9/Scraptown | Accepted into 0bPrime 7177 | -9/Scraptown | Entered Factory 7177 | -6/Factory | Accompanied by 6 allies 7177 | -6/Factory | Evolved 8 slots: Propulsion x3, Utility x5 7178 | -6/Factory | Identified exit to Factory 7178 | -6/Factory | Identified exit to Lower Caves 7180 | -6/Factory | Loaded intel: 86 trap records 7182 | -6/Factory | Loaded intel: 6 fabricator locations 7414 | -6/Factory | Lost 4 allies 7513 | -6/Factory | Found Arachnoskeleton 7514 | -6/Factory | Attached Arachnoskeleton, gained temporary slots: Propulsion x3 7700 | -6/Factory | Loaded intel: 8 recycling unit locations 7836 | -6/Factory | Build established: Mutant 8157 | -6/Factory | Learned location of Protoforge (-3) 8355 | -6/Factory | Attached Gun Armor, gained temporary slots: Weapon x2 9068 | -6/Factory | Repaired Broken Exp. Sensor Array? 9277 | -6/Factory | Search patrols dispatched 9350 | -6/Factory | Garrison activated, responded to threat 9377 | -6/Factory | Destroyed 8 combat bots 9615 | -6/Factory | Sucked down chute 9615 | -6/Factory | Entered Waste 9622 | -6/Waste | Spotted C-40 Crusher 9622 | -6/Waste | Spotted C-40 Crusher 9630 | -6/Waste | EMP discharged 9630 | -6/Waste | System corruption reached 10% 9634 | -6/Waste | Spotted C-40 Crusher 9635 | -6/Waste | Spotted C-40 Crusher 9638 | -6/Waste | Spotted C-40 Crusher 9644 | -6/Waste | Discovered new exit (range 15) 9657 | -6/Waste | Identified exit to Factory 9658 | -6/Waste | Entered Factory 9805 | -6/Factory | Discovered exit to Factory (range 11) 9819 | -6/Factory | Discovered exit to Lower Caves (range 7) 9969 | -6/Factory | Fabricated Nanoactuators (x2) 9984 | -6/Factory | Build established: Scout 10158 | -6/Factory | Loaded intel: 8 recycling unit locations 10167 | -6/Factory | Discovered exit to Factory (range 13) 10297 | -6/Factory | Fabricated Powered Armor (x2) 10303 | -6/Factory | Fabricated Exp. Sensor Array (x1) 10546 | -6/Factory | Build established: Mutant 10664 | -6/Factory | Entered Lower Caves 10665 | -6/Lower Caves | Identified exit to Lower Caves 10666 | -6/Lower Caves | UFD Scientist delivered a prototype 10669 | -6/Lower Caves | Found Prototype Protection 10669 | -6/Lower Caves | Identified Enh. Scrap Shield 10905 | -6/Lower Caves | Encountered a Warlord checkpoint 10971 | -6/Lower Caves | Spotted B-75 Beast 11022 | -6/Lower Caves | Attacked by a delusional Derelict stockpiling parts 11077 | -6/Lower Caves | Learned location of 2 exits from Factory 11088 | -6/Lower Caves | Entered another Lower Caves area 11089 | -6/Lower Caves | Identified exit to Zion 11127 | -6/Lower Caves | Encountered a Warlord checkpoint 11129 | -6/Lower Caves | Found DCF Scrap (12 items) 11296 | -6/Lower Caves | Prototype Device suddenly appears! 11333 | -6/Lower Caves | Build established: Gladiator 11540 | -6/Lower Caves | Found Prototype Device 11540 | -6/Lower Caves | Identified Amulet of Y3-NDR 11567 | -6/Lower Caves | Joined by bewildered Wizard 11567 | -6/Lower Caves | Joined by bewildered Wizard 11567 | -6/Lower Caves | Joined by bewildered Wizard 11587 | -6/Lower Caves | Joined by bewildered Wizard 11726 | -6/Lower Caves | Attracted the attention of an 0b10 outpost 11767 | -6/Lower Caves | Lost 4 allies 11887 | -6/Lower Caves | Entered an active Warlord outpost 11897 | -6/Lower Caves | Learned Extension terminal intel 12020 | -6/Lower Caves | Build established: Scavenger-Gladiator 12023 | -6/Lower Caves | Attracted the attention of an 0b10 checkpoint 12028 | -6/Lower Caves | Learned Factory stockpile data 12237 | -6/Lower Caves | Joined by bewildered Wizard 12237 | -6/Lower Caves | Joined by bewildered Wizard 12277 | -6/Lower Caves | Entered Zion 12277 | -6/Zion | Accompanied by 2 allies 12278 | -6/Zion | Identified exit to Proximity Caves 12292 | -6/Zion | System corruption cleaned by Quarantine Array 12298 | -6/Zion | Received a hallucinogenic algorithm 12322 | -6/Zion | Found CR-A16's Pointy Stick 12493 | -6/Zion | Turned away by Imprinter 12540 | -6/Zion | Learned Factory recycling unit intel 12541 | -6/Zion | Learned Factory repair station intel 12555 | -6/Zion | Identified exit to Deep Caves 12640 | -6/Zion | Entered Proximity Caves 12640 | -5/Proximity Caves | Accompanied by 2 allies 12841 | -5/Proximity Caves | Learned Factory terminal intel 13073 | -5/Proximity Caves | Received a Behemoth hack from an annoying Tinkerer 13184 | -5/Proximity Caves | Build established: Scavenger-Scout 13359 | -5/Proximity Caves | Entered Factory 13359 | -5/Factory | Evolved 2 slots: Power x1, Propulsion x1 13360 | -5/Factory | Identified exit to Upper Caves 13361 | -5/Factory | Identified exit to Factory 13363 | -5/Factory | Loaded intel: 26 terminal locations 13364 | -5/Factory | Loaded intel: 6 repair station locations 13365 | -5/Factory | Loaded intel: 8 recycling unit locations 13442 | -5/Factory | Loaded intel: 8 recycling unit locations 13679 | -5/Factory | Discovered exit to Factory (range 13) 14050 | -5/Factory | Joined by bewildered Wizard 14051 | -5/Factory | Joined by bewildered Wizard 14053 | -5/Factory | Joined by bewildered Wizard 14088 | -5/Factory | Joined by bewildered Wizard 14101 | -5/Factory | Sucked down chute 14101 | -5/Factory | Entered Waste 14105 | -5/Waste | Found Prototype Processor 14105 | -5/Waste | Identified Exp. Armor Integrity Analyzer 14111 | -5/Waste | Spotted C-40 Crusher 14115 | -5/Waste | Spotted C-40 Crusher 14116 | -5/Waste | EMP discharged 14133 | -5/Waste | Spotted C-40 Crusher 14140 | -5/Waste | Spotted C-40 Crusher 14140 | -5/Waste | Spotted C-40 Crusher 14171 | -5/Waste | 4 allies followed down the chute 14175 | -5/Waste | Spotted C-40 Crusher 14194 | -5/Waste | Discovered new exit (range 15) 14214 | -5/Waste | Identified exit to Factory 14215 | -5/Waste | Entered Factory 14425 | -5/Factory | Loaded intel: 8 recycling unit locations 14445 | -5/Factory | Joined by bewildered Wizard 14445 | -5/Factory | Joined by bewildered Wizard 14493 | -5/Factory | Joined by bewildered Wizard 14496 | -5/Factory | Joined by bewildered Wizard 14501 | -5/Factory | Build established: Derelict-Scout 14778 | -5/Factory | Garrison activated, responded to threat 14796 | -5/Factory | Discovered exit to Factory (range 12) 14805 | -5/Factory | Scrapoids reinforcements arrived? 14820 | -5/Factory | Discovered exit to Upper Caves (range 15) 14862 | -5/Factory | Discovered exit to Upper Caves (range 10) 14913 | -5/Factory | Garrison activated, responded to threat 14936 | -5/Factory | Entered Upper Caves 14978 | -5/Upper Caves | Entered a destroyed Warlord outpost 15154 | -5/Upper Caves | Joined by bewildered Wizard 15154 | -5/Upper Caves | Joined by bewildered Wizard 15157 | -5/Upper Caves | Joined by bewildered Wizard 15230 | -5/Upper Caves | Joined by bewildered Wizard 15231 | -5/Upper Caves | Joined by bewildered Wizard 15245 | -5/Upper Caves | Joined by bewildered Wizard 15245 | -5/Upper Caves | Joined by bewildered Wizard 15300 | -5/Upper Caves | Discovered new exit (range 18) 15306 | -5/Upper Caves | Identified exit to Upper Caves 15390 | -5/Upper Caves | Entered another Upper Caves area 15390 | -5/Upper Caves | Accompanied by 4 allies 15432 | -5/Upper Caves | Discovered exit to Factory (range 14) 15500 | -5/Upper Caves | Attracted the attention of an 0b10 outpost 15526 | -5/Upper Caves | Joined by bewildered Wizard 15527 | -5/Upper Caves | Joined by bewildered Wizard 15540 | -5/Upper Caves | Joined by bewildered Wizard 15550 | -5/Upper Caves | Lost 3 allies 15617 | -5/Upper Caves | Spotted B-75 Beast 15632 | -5/Upper Caves | Allies destroyed B-75 Beast 15678 | -5/Upper Caves | Joined by bewildered Wizard 15684 | -5/Upper Caves | Discovered new exit (range 15) 15702 | -5/Upper Caves | Joined by bewildered Wizard 15707 | -5/Upper Caves | Joined by bewildered Wizard 15711 | -5/Upper Caves | Identified exit to Zhirov 15724 | -5/Upper Caves | Build established: Trapper-Scout 15757 | -5/Upper Caves | Learned 8 Factory zone layouts 15771 | -5/Upper Caves | Encountered a Warlord checkpoint 15775 | -5/Upper Caves | Learned Factory stockpile data 15938 | -5/Upper Caves | Entered Zhirov 15938 | -5/Zhirov | Accompanied by 5 allies 15938 | -5/Zhirov | Discovered new exit (range 3) 15942 | -5/Zhirov | Identified exit to Proximity Caves 15948 | -5/Zhirov | Met Zhirov 15956 | -5/Zhirov | Learned location of Command (-1) 15959 | -5/Zhirov | Zhirov requested help retrieving the SGEMP Prototype 15966 | -5/Zhirov | Found Alien Artifact 15966 | -5/Zhirov | Identified Integrated Reactor 15966 | -5/Zhirov | Installed Integrated Reactor, increased core energy generation (+10) 15996 | -5/Zhirov | Found Alien Artifact 16052 | -5/Zhirov | Entered Proximity Caves 16052 | -4/Proximity Caves | Accompanied by 5 allies 16154 | -4/Proximity Caves | Attracted the attention of an 0b10 outpost 16205 | -4/Proximity Caves | Lost 3 allies 16211 | -4/Proximity Caves | Found DCF Scrap (13 items) 16224 | -4/Proximity Caves | Joined by bewildered Wizard 16265 | -4/Proximity Caves | Lost 4 allies 16315 | -4/Proximity Caves | Joined by bewildered Wizard 16320 | -4/Proximity Caves | Joined by bewildered Wizard 16453 | -4/Proximity Caves | Entered Factory 16453 | -4/Factory | Evolved 2 slots: Propulsion x1, Utility x1 16454 | -4/Factory | Identified exit to Research 16543 | -4/Factory | Joined by bewildered Wizard 16543 | -4/Factory | Joined by bewildered Wizard 16544 | -4/Factory | Joined by bewildered Wizard 16544 | -4/Factory | Loaded intel: 8 recycling unit locations 16557 | -4/Factory | Joined by bewildered Wizard 16622 | -4/Factory | Joined by bewildered Wizard 16623 | -4/Factory | Joined by bewildered Wizard 16680 | -4/Factory | Discovered new exit (range 15) 16684 | -4/Factory | Identified exit to Extension 16703 | -4/Factory | First assault squad dispatched 16705 | -4/Factory | Joined by bewildered Wizard 16708 | -4/Factory | Joined by bewildered Wizard 16781 | -4/Factory | Joined by bewildered Wizard 16781 | -4/Factory | Joined by bewildered Wizard 16936 | -4/Factory | Repaired Tiamat Missile Launcher? 17279 | -4/Factory | Cargo convoy interrupted 17309 | -4/Factory | Found Prototype Launcher 17322 | -4/Factory | Manually triggered Chute Trap 17322 | -4/Factory | Sucked down chute 17322 | -4/Factory | Entered Waste 17324 | -4/Waste | Identified Point Singularity Launcher 17331 | -4/Waste | Found Broken Adv. Force Booster 17337 | -4/Waste | EMP discharged 17352 | -4/Waste | Spotted C-40 Crusher 17365 | -4/Waste | Spotted C-40 Crusher 17365 | -4/Waste | Spotted C-40 Crusher 17365 | -4/Waste | Spotted C-40 Crusher 17372 | -4/Waste | Spotted C-40 Crusher 17374 | -4/Waste | Spotted C-40 Crusher 17400 | -4/Waste | Discovered new exit (range 16) 17405 | -4/Waste | Met Warlord forces unprepared to attack 17412 | -4/Waste | Identified exit to Factory 17426 | -4/Waste | Allies destroyed C-40 Crusher 17437 | -4/Waste | EMP discharged 17440 | -4/Waste | Destroyed C-40 Crusher 17442 | -4/Waste | Destroyed C-40 Crusher 17455 | -4/Waste | Destroyed C-40 Crusher 17463 | -4/Waste | Destroyed C-40 Crusher 17484 | -4/Waste | Lost 18 allies 17484 | -4/Waste | Entered Factory 17525 | -4/Factory | Identified exit to Upper Caves 17549 | -4/Factory | Discovered exit to Research (range 19) 17550 | -4/Factory | Joined by bewildered Wizard 17550 | -4/Factory | Joined by bewildered Wizard 17608 | -4/Factory | Fabricated Exp. Sensor Array (x1) 17610 | -4/Factory | Fabricated Cmb. Linear Gravjet? 17626 | -4/Factory | Repaired Broken Adv. Force Booster 17630 | -4/Factory | Loaded intel: 8 recycling unit locations 17696 | -4/Factory | Joined by bewildered Wizard 17698 | -4/Factory | Joined by bewildered Wizard 17739 | -4/Factory | Spotted B-86 Titan 17856 | -4/Factory | Lost 4 allies 18234 | -4/Factory | Discovered exit to Research (range 7) 18319 | -4/Factory | Build established: Hacker-Scout 18426 | -4/Factory | Discovered exit to Research (range 15) 18583 | -4/Factory | Repaired Cld. Gravmag System 18618 | -4/Factory | Spotted B-86 Titan 18706 | -4/Factory | Identified Transdimensional Reconstructor 18715 | -4/Factory | Lost 3 parts (1u2w) 18962 | -4/Factory | Fabricated Powered Armor (x2) 18985 | -4/Factory | Fabricated Cmb. Linear Gravjet (x2) 19086 | -4/Factory | Repaired Cld. Gravmag System 19158 | -4/Factory | Discovered exit to Research (range 15) 19484 | -4/Factory | First assault squad dispatched 19765 | -4/Factory | Entered Extension 19766 | -4/Extension | Loaded intel: 11 terminal locations 19776 | -4/Extension | Rescued a captive Derelict 19955 | -4/Extension | Build established: Machinist-Gladiator 20265 | -4/Extension | First assault squad dispatched 20272 | -4/Extension | Spotted B-86 Titan 20284 | -4/Extension | Spotted B-86 Titan 20289 | -4/Extension | Destroyed B-86 Titan 20299 | -4/Extension | Destroyed B-86 Titan 20324 | -4/Extension | Lost 3 allies 20342 | -4/Extension | Rescued a captive Derelict 20409 | -4/Extension | Rescued a captive Derelict 20410 | -4/Extension | Rescued a captive Derelict 20435 | -4/Extension | Rescued A7 20448 | -4/Extension | Discovered exit to Research (range 10) 20448 | -4/Extension | Discovered new exit (range 6) 20450 | -4/Extension | Identified exit to Cetus 20538 | -4/Extension | Entered Cetus 20538 | -4/Cetus | Accompanied by 6 allies (A7) 20543 | -4/Cetus | Acquired a Cetus Manufacturing Module code from A7 20543 | -4/Cetus | Spotted Cetus Guard 20543 | -4/Cetus | Spotted Cetus Guard 20544 | -4/Cetus | Spotted Cetus Guard 20553 | -4/Cetus | Spotted Cetus Guard 20557 | -4/Cetus | Allies destroyed Cetus Guard 20561 | -4/Cetus | Destroyed Cetus Guard 20569 | -4/Cetus | Destroyed Cetus Guard 20662 | -4/Cetus | Started Cetus Manufacturing Module 20673 | -4/Cetus | Escorted A7 to Cetus Mainframe 20687 | -4/Cetus | Manufactured an Enhanced Grunt 20712 | -4/Cetus | Manufactured an Enhanced Grunt 20737 | -4/Cetus | Manufactured an Enhanced Grunt 20762 | -4/Cetus | Manufactured an Enhanced Grunt 20787 | -4/Cetus | Manufactured an Enhanced Grunt 20796 | -4/Cetus | Discovered new exit (range 15) 20833 | -4/Cetus | Spotted Cetus Guard 20833 | -4/Cetus | Spotted Cetus Guard 20833 | -4/Cetus | Spotted Cetus Guard 20857 | -4/Cetus | Allies destroyed Cetus Guard 20857 | -4/Cetus | Discovered exit to Research (range 16) 20859 | -4/Cetus | Met Revision 17 20877 | -4/Cetus | Identified exit to Archives 20920 | -4/Cetus | Entered Archives 20920 | -4/Archives | Accompanied by 10 allies (A7) 20925 | -4/Archives | Received a hacking code to weaken MAIN.C 20970 | -4/Archives | Discovered new exit (range 15) 21632 | -4/Archives | Discovered new exit (range 13) 21636 | -4/Archives | Identified exit to Hub_04(d) 21668 | -4/Archives | Entered Hub_04(d) 21668 | -4/Hub_04(d) | Accompanied by 7 allies 21751 | -4/Hub_04(d) | Network Hub disabled 21753 | -4/Hub_04(d) | Network Hub disabled 21761 | -4/Hub_04(d) | Spotted Lightning 21765 | -4/Hub_04(d) | Spotted Lightning 21767 | -4/Hub_04(d) | Spotted Lightning 21779 | -4/Hub_04(d) | Spotted B-86 Titan 21789 | -4/Hub_04(d) | Entered Research 21789 | -3/Research | Evolved 2 slots: Utility x2 21790 | -3/Research | Identified exit to Research 21790 | -3/Research | Identified exit to Armory 21790 | -3/Research | Identified exit to Quarantine 21793 | -3/Research | Lost 4 allies 21815 | -3/Research | Spotted B-86 Titan 21816 | -3/Research | Loaded intel: 5 recycling unit locations 21852 | -3/Research | Found Prototype Device 21855 | -3/Research | Identified Exp. EM Disruption Field 21955 | -3/Research | Discovered exit to Research (range 14) 21989 | -3/Research | Revision forces began assault on 0b10 22209 | -3/Research | Repaired F-cell Engine 22210 | -3/Research | Discovered exit to Quarantine (range 85) 22323 | -3/Research | Fabricated Cmb. Linear Gravjet? 22369 | -3/Research | Lost 3 allies 22474 | -3/Research | Repaired Cld. Gravmag System 22489 | -3/Research | Research terminal network offline 22504 | -3/Research | Repaired Broken Nanoactuators 22539 | -3/Research | Scrapoids reinforcements arrived? 22609 | -3/Research | Joined by bewildered Wizard 22609 | -3/Research | Joined by bewildered Wizard 22610 | -3/Research | Joined by bewildered Wizard 22633 | -3/Research | Joined by bewildered Wizard 22676 | -3/Research | Fabricated Exp. Sensor Array (x1) 22727 | -3/Research | Entered Quarantine 22727 | -3/Quarantine | Accompanied by 6 allies 22747 | -3/Quarantine | Found Alien Energy Cannon 22747 | -3/Quarantine | Identified Core Cannon 22833 | -3/Quarantine | Lost 5 allies 22888 | -3/Quarantine | Discovered exit to Research (range 6) 22900 | -3/Quarantine | Found Alien Artifact 22978 | -3/Quarantine | Found Alien Artifact 22978 | -3/Quarantine | Identified Phase Redirector 23162 | -3/Quarantine | Identified Subatomic Replicator 23162 | -3/Quarantine | Used Subatomic Replicator to create Alien Artifact 23167 | -3/Quarantine | Found Transdimensional Reconstructor 23170 | -3/Quarantine | Found Alien Artifact 23381 | -3/Quarantine | Spotted Fortress 23405 | -3/Quarantine | Discovered new exit (range 6) 23405 | -3/Quarantine | Discovered new exit (range 6) 23406 | -3/Quarantine | Identified exit to Protoforge 23407 | -3/Quarantine | Entered Protoforge 23443 | -3/Protoforge | Superfortress began startup sequence 23456 | -3/Protoforge | System corruption reached 10% 23568 | -3/Protoforge | Spotted Hotshot 23575 | -3/Protoforge | Spotted AP7-3 23575 | -3/Protoforge | Spotted AP7-3 23599 | -3/Protoforge | Spotted EXE-6 23599 | -3/Protoforge | Spotted EXE-6 23611 | -3/Protoforge | UFD initiated attack on Protoforge 23611 | -3/Protoforge | Loaded intel: 3 recycling unit locations 23618 | -3/Protoforge | Identified Dimensional Node Initializer 23618 | -3/Protoforge | Initialized slip node 23630 | -3/Protoforge | Found Exp. Core Analyzer 23652 | -3/Protoforge | Optimus greeted in Protoforge 23658 | -3/Protoforge | Found Cep. XC Strikerail 23683 | -3/Protoforge | Lost 4 allies 23699 | -3/Protoforge | Identified Supercharged TR 23699 | -3/Protoforge | Warped through subspace to slip node 23710 | -3/Protoforge | Spotted Decapitator 23712 | -3/Protoforge | Found Exp. Melee Analysis Suite 23720 | -3/Protoforge | Optimus attacked Superfortress 23723 | -3/Protoforge | Spotted Hotshot 23728 | -3/Protoforge | Lost 4 parts (2p1n1u) 23733 | -3/Protoforge | Found Exp. Force Field 23735 | -3/Protoforge | Found Cep. Zero-point Core 23738 | -3/Protoforge | Found Cep. NT7 Matterbank 23742 | -3/Protoforge | Found Cep. Chromion Battery 23762 | -3/Protoforge | Lost 6 allies 23881 | -3/Protoforge | Destroyed Decapitator 23885 | -3/Protoforge | Spotted Hotshot 23885 | -3/Protoforge | Destroyed Hotshot 23912 | -3/Protoforge | Found Exp. System Purifier 23949 | -3/Protoforge | Spotted Striker 23987 | -3/Protoforge | Spotted Executioner 24011 | -3/Protoforge | Spotted Executioner 24024 | -3/Protoforge | Spotted Hotshot 24041 | -3/Protoforge | Lost 6 allies 24044 | -3/Protoforge | Spotted Hotshot 24044 | -3/Protoforge | Spotted Hotshot 24059 | -3/Protoforge | Spotted Striker 24062 | -3/Protoforge | P-80 Master assimilated allied 03F74-D 24069 | -3/Protoforge | P-80 Master assimilated allied Lugger 050 24070 | -3/Protoforge | Spotted Executioner 24082 | -3/Protoforge | Destroyed Hotshot 24091 | -3/Protoforge | Destroyed Hotshot 24093 | -3/Protoforge | Spotted Striker 24097 | -3/Protoforge | Destroyed Striker 24125 | -3/Protoforge | Destroyed 11 combat bots 24138 | -3/Protoforge | Spotted Executioner 24161 | -3/Protoforge | Spotted Striker 24163 | -3/Protoforge | Spotted Striker 24166 | -3/Protoforge | Destroyed Striker 24179 | -3/Protoforge | Spotted Executioner 24180 | -3/Protoforge | Spotted Executioner 24181 | -3/Protoforge | Destroyed Executioner 24211 | -3/Protoforge | Lost 16 allies 24211 | -3/Protoforge | Spotted Striker 24218 | -3/Protoforge | Spotted Striker 24225 | -3/Protoforge | Destroyed 18 combat bots 24260 | -3/Protoforge | Spotted Hotshot 24290 | -3/Protoforge | Spotted Striker 24291 | -3/Protoforge | Spotted Striker 24291 | -3/Protoforge | Spotted Striker 24303 | -3/Protoforge | Spotted Striker 24304 | -3/Protoforge | Core integrity fell below 50% 24311 | -3/Protoforge | Spotted Decapitator 24311 | -3/Protoforge | Spotted Striker 24311 | -3/Protoforge | Spotted Overlord 24311 | -3/Protoforge | Spotted Striker 24312 | -3/Protoforge | Spotted Decapitator 24318 | -3/Protoforge | Spotted Decapitator 24319 | -3/Protoforge | Spotted Decapitator 24325 | -3/Protoforge | Destroyed Decapitator 24325 | -3/Protoforge | Destroyed Decapitator 24328 | -3/Protoforge | Destroyed Decapitator 24328 | -3/Protoforge | Destroyed Decapitator 24334 | -3/Protoforge | Released all parts (8) 24335 | -3/Protoforge | Core integrity fell below 20% 24359 | -3/Protoforge | Lost 6 parts (2n3u1w) 24375 | -3/Protoforge | Lost 13 allies 24440 | -3/Protoforge | Found Exp. Active Sensor Suite 24502 | -3/Protoforge | Spotted Striker 24504 | -3/Protoforge | Spotted Striker 24553 | -3/Protoforge | UFD reported confirmed Drillbomb installation 24573 | -3/Protoforge | Spotted Executioner 24581 | -3/Protoforge | Found Exp. Core Analyzer 24686 | -3/Protoforge | Lost 12 allies 24736 | -3/Protoforge | Spotted Hotshot 24737 | -3/Protoforge | Build established: Scavenger-Scout 24743 | -3/Protoforge | Spotted Hotshot 24743 | -3/Protoforge | Spotted Hotshot 24754 | -3/Protoforge | Spotted Hotshot 24761 | -3/Protoforge | Discovered exit to Research (range 12) 24761 | -3/Protoforge | Spotted Striker 24761 | -3/Protoforge | Spotted Executioner 24761 | -3/Protoforge | Spotted Striker 24761 | -3/Protoforge | Spotted Executioner 24766 | -3/Protoforge | Spotted Hotshot 24776 | -3/Protoforge | Entered Research 24776 | -2/Research | Evolved 2 slots: Propulsion x1, Utility x1 24794 | -2/Research | Crushed by falling debris 24883 | -2/Research | Identified exit to Testing 24954 | -2/Research | Spotted B-90 Cyclops 25059 | -2/Research | System corruption reached 10% 25071 | -2/Research | Spotted Striker 25072 | -2/Research | Spotted Striker 25122 | -2/Research | Lost 5 parts (5u) 25135 | -2/Research | Spotted B-90 Cyclops 25157 | -2/Research | Entered Testing 25205 | -2/Testing | Found Prototype Energy Gun 25205 | -2/Testing | Identified Hyp. EM Gauss Rifle 25301 | -2/Testing | Found Prototype Ballistic Gun 25301 | -2/Testing | Identified Hyp. Multirail 25344 | -2/Testing | Scanned by Researcher 25355 | -2/Testing | Unstable Terrabomb Derivative detonated 25407 | -2/Testing | Search patrols dispatched 25413 | -2/Testing | Lost 6 parts (1p2n3u) 25429 | -2/Testing | Core integrity fell below 50% 25442 | -2/Testing | Discovered new exit (range 8) 25445 | -2/Testing | Identified exit to Access 25446 | -2/Testing | Entered Access 25446 | -1/Access | Evolved 2 slots: Utility x2 25470 | -1/Access | Lost 4 parts (1n3u) 25489 | -1/Access | Found Adv. Powered Armor 25710 | -1/Access | Energy Cycler disabled 25834 | -1/Access | Spotted Executioner 25836 | -1/Access | Spotted Executioner 25899 | -1/Access | Spotted Striker 25899 | -1/Access | Spotted Striker 25942 | -1/Access | Discovered new exit (range 7) 25944 | -1/Access | Identified exit to Surface 25969 | *** | Escaped! Last Messages --------------- 25958_ HV Slug penetrates Wall. 25958_ Drone sends a signal. 25960_ K-01 Serf collects debris. 25963_ HV Slug penetrates Terminal. 25963_ HV Slug penetrates Wall. 25964_ Slug penetrates K-01 Serf. 25965_ HV Slug penetrates H-88 Terminator. 25965_ HV Slug penetrates Wall. 25965_ K-01 Serf collects debris. 25967_ HV Slug penetrates H-88 Terminator. 25967_ H-88 Terminator suffers critical hit (Destroy). 25967_ Destroyed Lgt. Quantum Reactor. 25967_ HV Slug penetrates H-88 Terminator. 25967_ H-88 Terminator suffers critical hit (Destroy). 25967_ Destroyed KE Penetrator. 25968_ Penetrated by Slug. 25968_ K-01 Serf collects debris. 25968_ Hyp. Multirail destroyed. Map ----- +----------------------------------------------------+ | ??????????????????????????# # ####### | | ??????????????????????????# + "" | | ??????????????????????????# # "T | | ??????????????????????????# " "" # ####### | | ??????????????????????????# "R"" ?## ##???????? | | ??????????????????????????#! """ ??# #????????? | | ??????????????????????????????####???# #????????? | | ?????????????????????????????????????# #????????? | | ?????????????????????????????????????# #????????? | | ?????????????????????????????????????# #????????? | | ??????????????###############!######## #????????? | | ????????????? d ]% [! #????????? | | ????????????? [!h =%[ +????????? | | ?????????????????####d !x"####### #????????? | | ????????????????????# = %""#?????# #????????? | | ????????????????????# % [""#?????# #????????? | | ????????????????????# T#?????# #????????? | | ????????????????????# ""#?????# #????????? | | ????????????????????# !""#?????# #????????? | | ???????????????????## ""##????# ????????? | | ???????????????????# #????####????????? | | ???????????????????## ##????????????????? | | ????????????????????# #?????????????????? | | ????????????????????# #?????????????????? | | ????????????????????# #?????????????????? | | ????????????????????# @" #?????????????????? | | ????????????????????# "" #?????????????????? | | ????????????????????# #?????????????????? | | ????????????????????# #?????????????????? | | ????????????????????# #?????????????????? | | ????????????????????#""""""""""#?????????????????? | | ?????????????????????????????????????????????????? | | ?????????????????????????????????????????????????? | | ?????????????????????????????????????????????????? | | ?????????????????????????????????????????????????? | | ?????????????????????????????????????????????????? | | ?????????????????????????????????????????????????? | | ?????????????????????????????????????????????????? | | ?????????????????????????????????????????????????? | | ?????????????????????????????????????????????????? | | ?????????????????????????????????????????????????? | | ?????????????????????????????????????????????????? | | ?????????????????????????????????????????????????? | | ?????????????????????????????????????????????????? | | ?????????????????????????????????????????????????? | | ?????????????????????????????????????????????????? | | ?????????????????????????????????????????????????? | | ?????????????????????????????????????????????????? | | ?????????????????????????????????????????????????? | | ?????????????????????????????????????????????????? | +----------------------------------------------------+ Best States ------------- Heat Dissipation 56 Coolant Potential 120 Energy Generation 67 Energy Capacity 2320 Matter Stores 300 Matter Capacity 300 Sight Range 23 Robot Scan Range 20 Terrain Scan Range 20 Terrain Scan Density 10 ECM Strength 2 Jamming Range 12 Corruption Block 15 Armor Coverage 860 Resistance: TH 20 Resistance: EM 20 Core Shielding 10 Propulsion Shielding 90 Point Defense Rating 480 Melee Speed Boost 50 Phase Shifting 15 Evasion (%) 71 Targeting Accuracy 20 Melee Accuracy 16 Core Analysis 8 Armor Integrity Analysis 40 Recoil Reduction 2 Offensive Hacking 28 Defensive Hacking 12 Authchip Count 3 Trap Extractor Capacity 8 Item Schematics ----------------- Hcp. Storage Unit | -9/Recycling | Hacked Exp. Sensor Array | -6/Factory | Scanalyzed Mapping Drone Bay | -6/Factory | Scanalyzed Powered Armor | -6/Factory | Hacked Microactuators | -6/Factory | Hacked Adv. Melee Analysis Suite | -6/Factory | Hacked Flamer | -6/Zion | Free Hvy. Battle Rifle | -6/Zion | Free Phasing Sabre | -6/Zion | Free Weapon Mount | -5/Factory | Scanalyzed Assault Drone Bay | -5/Zhirov | Free Exp. Heat Sink | -5/Zhirov | Free Exp. Optical Array | -5/Zhirov | Free Imp. Arc Thrower | -5/Zhirov | Free Cmb. Linear Gravjet | -4/Factory | Scanalyzed Adv. Powered Armor | -3/Research | Hacked Hvy. Neutron Cannon | -3/Quarantine | Archive Adv. Plasma Rifle | -3/Quarantine | Archive Robot Schematics ------------------ None Fabricated ------------ Nanoactuators | x2 | -6/Factory | Preloaded Powered Armor | x2 | -6/Factory | Authchip Exp. Sensor Array | x1 | -6/Factory | Authchip Exp. Sensor Array | x1 | -4/Factory | Authchip Cmb. Linear Gravjet | x2 | -4/Factory | Preloaded Powered Armor | x2 | -4/Factory | Authchip Cmb. Linear Gravjet | x2 | -4/Factory | Authchip Cmb. Linear Gravjet | x2 | -3/Research | Authchip Exp. Sensor Array | x1 | -3/Research | Authchip Repaired ---------- Exp. Sensor Array | 99% | -6/Factory | Broken Tiamat Missile Launcher | 6% | -4/Factory Adv. Force Booster | 60% | -4/Factory | Broken Cld. Gravmag System | 30% | -4/Factory Cld. Gravmag System | 60% | -4/Factory F-cell Engine | 7% | -3/Research Cld. Gravmag System | 31% | -3/Research Nanoactuators | 35% | -3/Research | Broken Alien Tech Used ----------------- Integrated Reactor Core Cannon Phase Redirector Subatomic Replicator Dimensional Node Initializer Supercharged TR Achievements -------------- None Challenges ------------ None Game ------ Seed AssembledCouplerMask Manual? 0 Play Time 06:55:55 Cumulative 562.5 hours Start 2025.08.14 @ 19:19:47 End 2025.08.15 @ 18:28:41 Sessions 5 Manual Loads 0 Difficulty Rogue Special Mode None Game No. 122 Rogue 122 Adventurer 0 Explorer 0 Win Type 0 Total 42 Types 21/2/8/2/1/0/3/3/1/1 Lore% 93 Gallery% 82 Achievement% 83 Wizard Run 0 Options --------- Layout 1 ASCII 0 Keyboard 0 Movement Mouse Keybinds 0 Fullscreen 1 Font 24/Smallcaps Map View 50x35 Zoom Use 0% Tactical HUD 1 Map Filters NONE Filters NONE Steam 1 RUN: dce06a85-dbba-4521-affd-3328842a7d30